 Dungeon Crawl Stone Soup version 0.30-a0-1094-g860fb061e7 (webtiles) character file.

Game seed: 8841622399674183658

3453841 GigaChad the Formicid Barricade (level 27, 117/174 HPs) *EXPLORE*
             Began as a Formicid Fighter on Apr 14, 2023.
             Was an Initiate of Gozag.
             Escaped with the Orb
             ... and 6 runes on Apr 17, 2023!
             The game lasted 05:23:57 (103820 turns).

GigaChad the Formicid Barricade (FoFi)            Turns: 103820, Time: 05:23:57

Health: 117/174    AC: 27    Str: 52      XL:     27
Magic:  5/25       EV: 10    Int:  6 (8)  God:    Gozag
Gold:   37419      SH: 30    Dex: 14 (16) Spells: 26/26 levels left

rFire   + + +      SeeInvis +    N - +9 battleaxe (spect)
rCold   x x .      Faith    .    g - +5 tower shield of Riyfajy {Str+3 SInv}
rNeg    + . .      Spirit   +    u - +2 fire dragon scales of Submission {rF++ rC- MP+9 Dex+2 Stlth+}
rPois   +          Reflect  .    (helmet unavailable)
rElec   .          Rampage  +    J - +1 cloak of Plasticity {*Slow +Blink +Inv Str+3 Dex+3}
rCorr   +                        L - +2 pair of gloves {Str+3}
Will    +....                    P - +2 pair of boots {rampage}
Stlth   +++                      c - amulet of a Million Villages {Spirit rPois rF+}
HPRegen 0.00/turn                q - +6 ring of strength
MPRegen 0.19/turn                Z - ring of Wu Jian, Usurping {rN+ Will- rCorr Str+4}

@: gold aura, sick, studying 3 skills, unable to drink
A: permanent stasis, dig shafts and tunnels, antennae 3, four strong arms,
iridescent scales 1, clumsy 1, deformed body, deterioration 2, dopey 1, frail 3,
low MP 3, screaming 2, inhibited regeneration, no potion heal 1, cold
vulnerability 1, subdued magic 2, inability to drink after injury 2, inability
to read after injury 2, devolution 1
0: Orb of Zot
}: 6/15 runes: decaying, silver, golden, obsidian, bone, gossamer
a: Dig, Shaft Self, Renounce Religion, Evoke Invisibility, Potion Petition, Call
Merchant, Bribe Branch


You escaped.
You worshipped Gozag.
Gozag was extremely pleased with you.
You visited 16 branches of the dungeon, and saw 70 of its levels.
You visited the Abyss 3 times.
You completed 1 ziggurat, and saw 27 of its levels.
You also visited: Trove and Ossuary.

You collected 51199 gold pieces.
You spent 4082 gold pieces at shops.
You paid 9698 gold pieces to Gozag.

Inventory:

Hand Weapons
 a - the +18 lance "Wyrmbane" {slay drac, rPois rF+ rC+ AC+3}
   (You found it on level 4 of the Spider Nest)

   AC:        It affects your AC (+3).
   rF:        It protects you from fire.
   rC:        It protects you from cold.
   rPois:     It protects you from poison.
 e - a +9 demon trident of protection
 f - the +13 sceptre of Asmodeus
   (You took it off Asmodeus on level 7 of Gehenna)

   Fire Summon: It may summon demons of flame and damnation when striking foes.
 h - the +5 glaive of the Guard {elec, spectral, AC+5}
   (You found it on level 1 of the Vaults)

   AC:        It affects your AC (+5).
 m - the +8 glaive "Vafuen" {heavy, Drain rF++ Int+3}
   (You found it on level 7 of Gehenna)

   Int:       It affects your intelligence (+3).
   rF:        It greatly protects you from fire.
   Drain:     It drains your maximum health when unequipped.
 o - a +8 sacred scourge of holy wrath
 p - the +1 war axe "String" {flame, Contam rPois Will+++ rCorr}
   (You found it on level 1 of the Vaults)

   rPois:     It protects you from poison.
   Contam:    It causes magical contamination when unequipped.
   rCorr:     It protects you from acid and corrosion.
   Will:      It greatly increases your willpower.
 v - the +6 great mace of Favu {freeze, Fly Str+3 Int+4}
   (You found it on level 2 of the Depths)

   Str:       It affects your strength (+3).
   Int:       It affects your intelligence (+4).
   Fly:       It grants you flight.
 z - a +3 demon trident of pain
 A - the +9 sword of Power {lifebolt}
   (You found it on level 18 of a ziggurat)
 C - the +11 flail of the Hidden Lovers {heavy, *Noise rElec rCorr Str+4}
   (You found it on level 3 of the Crypt)

   Str:       It affects your strength (+4).
   rElec:     It insulates you from electricity.
   *Noise:    It may make noises in combat.
   rCorr:     It protects you from acid and corrosion.
 D - the +11 bardiche "Bedolaki" {freeze, *Corrode rC+ rN++ Will+}
   (You found it on level 20 of a ziggurat)

   rC:        It protects you from cold.
   rN:        It greatly protects you from negative energy.
   *Corrode:  It may corrode you when you take damage.
   Will:      It increases your willpower.
 F - the +27 heavy crossbow "Sniper" {heavy, Acc+∞ SInv}
   (You found it on level 7 of Tartarus)

   Acc+∞: It never misses its target.
   SInv:      It lets you see invisible.
 I - the +11 plutonium sword {Contam Stlth-}
   (You found it on level 27 of a ziggurat)

   Contam:    It causes magical contamination when unequipped.
   Stlth:     It makes you less stealthy.
 M - the +8 trishula "Condemnation" {holy, anguish, *Noise Fly rN+}
   (You found it on level 22 of a ziggurat)

   rN:        It protects you from negative energy.
   Fly:       It grants you flight.
   *Noise:    It may make noises in combat.
 N - a +9 spectral battleaxe (weapon)
 O - the +3 great sword "Ekhluimn" {flame, rElec Str+3 SInv}
   (You bought it in a shop on level 3 of the Vaults)

   Str:       It affects your strength (+3).
   rElec:     It insulates you from electricity.
   SInv:      It lets you see invisible.
 Q - the +7 battleaxe of Valour {venom, Dex+2}
   (You found it on level 7 of Gehenna)

   Dex:       It affects your dexterity (+2).
 W - a +5 eudemon blade of holy wrath
 Y - the +1 great sword "Acarinebane" {spect, Fragile rC+ Str+2}
   (You found it on level 3 of the Tomb of the Ancients)

   Str:       It affects your strength (+2).
   rC:        It protects you from cold.
   Fragile:   It will be destroyed if unequipped.
Armour
 g - the +5 tower shield of Riyfajy (worn) {Str+3 SInv}
   (You acquired it on level 1 of the Crypt)

   Str:       It affects your strength (+3).
   SInv:      It lets you see invisible.
 l - the +4 dragonskin cloak
   (You took it off Tiamat on level 2 of the Realm of Zot)

   Avatar's Aegis: It grants the wearer a chance to resist fire, cold, poison,
   electricity, acid, and negative energy.
 t - the +9 shadow dragon scales of Foolhardiness {Str+3 Stlth++++}
   (You found it on level 22 of a ziggurat)

   Str:       It affects your strength (+3).
   Stlth:     It makes you much more stealthy.
 u - the +2 fire dragon scales of Submission (worn) {rF++ rC- MP+9 Dex+2 Stlth+}
   (You bought it in a shop on level 9 of the Dungeon)

   Dex:       It affects your dexterity (+2).
   rF:        It greatly protects you from fire.
   rC:        It makes you vulnerable to cold.
   MP:        It affects your magic capacity (+9).
   Stlth:     It makes you more stealthy.
 w - the +4 Cigotuvi's embrace {Corpsefed rMiasma Drain rN+}
   (You found it on level 3 of the Elven Halls)

   Corpsefed: It gathers nearby corpses to temporarily increase the armour it
   provides.
   rMiasma:   It protects you from foul pestilence.
   rN:        It protects you from negative energy.
   Drain:     It drains your maximum health when unequipped.
 x - the +2 pearl dragon scales of Midnight {*Slow +Inv rN+ MP+9 Dex+3}
   (You found it on level 19 of a ziggurat)

   Dex:       It affects your dexterity (+3).
   rN:        It protects you from negative energy.
   MP:        It affects your magic capacity (+9).
   +Inv:      It lets you turn invisible.
   *Slow:     It may slow you when you take damage.
 E - the +2 storm dragon scales "Ufosanos" {rElec Int+5}
   (You found it on level 3 of the Depths)

   Int:       It affects your intelligence (+5).
   rElec:     It insulates you from electricity.
 J - the +1 cloak of Plasticity (worn) {*Slow +Blink +Inv Str+3 Dex+3}
   (You found it on level 1 of the Vaults)

   Str:       It affects your strength (+3).
   Dex:       It affects your dexterity (+3).
   +Inv:      It lets you turn invisible.
   +Blink:    It lets you blink.
   *Slow:     It may slow you when you take damage.
 L - a +2 pair of gloves of strength (worn)
 P - a +2 pair of boots of rampaging (worn)
Jewellery
 c - the amulet of a Million Villages (around neck) {Spirit rPois rF+}
   (You took it off a vault warden on level 5 of the Vaults)

   [amulet of guardian spirit]

   It causes incoming damage to be divided between your reserves of health and
   magic.
   rF:        It protects you from fire.
   rPois:     It protects you from poison.
 i - the ring of the Median {rElec rN++ Str+6 Int-5 SInv}
   (You found it on level 23 of a ziggurat)

   [ring of strength]

   Str:       It affects your strength (+6).
   Int:       It affects your intelligence (-5).
   rElec:     It insulates you from electricity.
   rN:        It greatly protects you from negative energy.
   SInv:      It lets you see invisible.
 n - the ring of Qiec {Str+8 Int+6}
   (You took it off a fire giant on level 7 of Gehenna)

   [ring of intelligence]

   Str:       It affects your strength (+8).
   Int:       It affects your intelligence (+6).
 q - a +6 ring of strength (left hand)
 R - the necklace of Bloodlust {Fury *Rage Will++ Int-3 Slay+6}
   (You found it on level 24 of a ziggurat)

   [amulet of nothing]

   Fury:      It extends the wearer's berserk rage when killing foes.
   Int:       It affects your intelligence (-3).
   Slay:      It affects your accuracy & damage with ranged weapons and melee
   (+6).
   *Rage:     It berserks you when you make melee attacks (+50% chance).
   Will:      It greatly increases your willpower.
 U - the ring "Arefuaffu" {Int+3 Slay+4}
   (You found it on level 7 of a ziggurat)

   [ring of slaying]

   Int:       It affects your intelligence (+3).
   Slay:      It affects your accuracy & damage with ranged weapons and melee
   (+4).
 Z - the ring of Wu Jian, Usurping (right hand) {rN+ Will- rCorr Str+4}
   (You acquired it on level 4 of the Lair of Beasts)

   [ring of positive energy]

   Str:       It affects your strength (+4).
   rN:        It protects you from negative energy.
   rCorr:     It protects you from acid and corrosion.
   Will:      It decreases your willpower.
Scrolls
 b - 23 scrolls of enchant armour
 H - 8 scrolls of enchant weapon
 K - 8 scrolls of immolation (quivered)
 S - 51 scrolls of identify
Potions
 d - 21 potions of might
 j - 20 potions of heal wounds
 k - 11 potions of flight
 r - 10 potions of cancellation
 G - 26 potions of curing
Miscellaneous
 s - 2 +1 figurines of a ziggurat
 y - a tin of tremorstones (2/2)
 B - the horn of Geryon
 T - a lightning rod (4/4)
 V - a phial of floods
 X - a phantom mirror


   Skills:
 O Level 27 Fighting
 - Level 15.3 Long Blades
 O Level 27 Axes
 * Level 18.8(26.8) Maces & Flails
 * Level 16.8(25.7) Polearms
 - Level 17.3(22.8) Staves
 * Level 23.8 Ranged Weapons
 * Level 22.9 Armour
 O Level 27 Stealth
 O Level 27 Shields
 - Level 26.1 Evocations


You had 26 spell levels left.
You didn't know any spells.
Your spell library contained the following spells:

 Spells                   Type           Power      Damage    Failure   Level
 Beastly Appendage        Tmut           0%         N/A       45%         1
 Foxfire                  Conj/Fire      0%         2x1d4     45%         1
 Freeze                   Ice            0%         1d3       45%         1
 Kiss of Death            Conj/Necr      0%         2d5       45%         1
 Magic Dart               Conj           0%         1d3       45%         1
 Necrotise                Necr           0%         1d4       45%         1
 Sandblast                Erth           0%         2d4       45%         1
 Sting                    Tmut/Pois      0%         1d3       45%         1
 Summon Small Mammal      Summ           0%         N/A       45%         1
 Call Imp                 Summ           0%         N/A       61%         2
 Cigotuvi's Dreadful Rot  Necr/Pois/Air  0%         N/A       61%         2
 Ensorcelled Hibernation  Hex/Ice        0%         N/A       61%         2
 Lesser Beckoning         Tloc           0%         N/A       61%         2
 Momentum Strike          Conj/Tloc      0%         3d8       61%         2
 Passwall                 Tmut/Erth      0%         N/A       61%         2
 Poisonous Vapours        Pois/Air       0%         N/A       61%         2
 Searing Ray              Conj           0%         2d4       61%         2
 Static Discharge         Conj/Air       0%         2-2/arc   61%         2
 Sublimation of Blood     Necr           0%         N/A       61%         2
 Wereblood                Tmut           0%         N/A       61%         2
 Call Canine Familiar     Summ           0%         N/A       85%         3
 Confusing Touch          Hex            0%         N/A       85%         3
 Dazzling Flash           Conj/Hex       0%         N/A       85%         3
 Frozen Ramparts          Ice            0%         1d1       85%         3
 Gell's Gravitas          Tloc           0%         N/A       85%         3
 Hailstorm                Conj/Ice       0%         3d3       85%         3
 Ignite Poison            Fire/Tmut/Pois 0%         N/A       85%         3
 Inner Flame              Hex/Fire       0%         N/A       85%         3
 Mephitic Cloud           Conj/Pois/Air  0%         N/A       85%         3
 Ozocubu's Armour         Ice            0%         N/A       85%         3
 Portal Projectile        Hex/Tloc       0%         N/A       85%         3
 Stone Arrow              Conj/Erth      0%         3d7       85%         3
 Summon Guardian Golem    Hex/Summ       0%         N/A       85%         3
 Teleport Other           Tloc           0%         N/A       85%         3
 Tukima's Dance           Hex            0%         N/A       85%         3
 Vampiric Draining        Necr           0%         2d6       85%         3
 Volatile Blastmotes      Fire/Tloc      0%         2d10      85%         3
 Airstrike                Air            0%         2d(0-16)  99%         4
 Anguish                  Hex/Necr       0%         N/A       99%         4
 Animate Armour           Summ/Erth      0%         N/A       99%         4
 Dispel Undead            Necr           0%         3d6       99%         4
 Flame Wave               Conj/Fire      0%         2d4       99%         4
 Fulminant Prism          Conj/Hex       0%         3d5       99%         4
 Ice Form                 Ice/Tmut       0%         N/A       99%         4
 Iskenderun's Mystic Bla  Conj/Tloc      0%         2d3       99%         4
 Leda's Liquefaction      Hex/Erth       0%         N/A       99%         4
 Manifold Assault         Tloc           0%         N/A       99%         4
 Olgreb's Toxic Radiance  Pois           0%         N/A       99%         4
 Passage of Golubria      Tloc           0%         N/A       99%         4
 Petrify                  Tmut/Erth      0%         N/A       99%         4
 Sticky Flame             Conj/Fire      0%         2d3       99%         4
 Summon Ice Beast         Ice/Summ       0%         N/A       99%         4
 Summon Lightning Spire   Summ/Air       0%         N/A       99%         4
 Agony                    Necr           0%         N/A       100%        5
 Alistair's Intoxication  Tmut/Pois      0%         N/A       100%        5
 Arcjolt                  Conj/Air       0%         1d10      100%        5
 Blade Hands              Tmut           0%         N/A       100%        5
 Borgnjor's Vile Clutch   Necr/Erth      0%         N/A       100%        5
 Fireball                 Conj/Fire      0%         3d3       100%        5
 Freezing Cloud           Conj/Ice/Air   0%         6-21      100%        5
 Iskenderun's Battlesphe  Conj           0%         2d6       100%        5
 Lee's Rapid Deconstruct  Erth           0%         3d4*      100%        5
 Metabolic Englaciation   Hex/Ice        0%         N/A       100%        5
 Silence                  Hex/Air        0%         N/A       100%        5
 Summon Forest            Summ/Tloc      0%         N/A       100%        5
 Summon Mana Viper        Hex/Summ       0%         N/A       100%        5
 Yara's Violent Unravell  Hex/Tmut       0%         3d3       100%        5
 Conjure Ball Lightning   Conj/Air       0%         3x3d6     100%        6
 Death Channel            Necr           0%         N/A       100%        6
 Dispersal                Tloc           0%         N/A       100%        6
 Eringya's Noxious Bog    Tmut/Pois      0%         N/A       100%        6
 Iron Shot                Conj/Erth      0%         9d1       100%        6
 Plasma Beam              Fire/Air       0%         2x1d11    100%        6
 Starburst                Conj/Fire      0%         6d3       100%        6
 Statue Form              Tmut/Erth      0%         N/A       100%        6
 Summon Cactus Giant      Summ           0%         N/A       100%        6
 Enfeeble                 Hex            0%         N/A       100%        7
 Haunt                    Necr/Summ      0%         N/A       100%        7
 Malign Gateway           Summ/Tloc      0%         N/A       100%        7
 Monstrous Menagerie      Summ           0%         N/A       100%        7
 Orb of Destruction       Conj           0%         9d5       100%        7
 Spellforged Servitor     Conj/Summ      0%         N/A       100%        7
 Storm Form               Tmut/Air       0%         N/A       100%        7
 Summon Hydra             Summ           0%         N/A       100%        7
 Borgnjor's Revivificati  Necr           0%         N/A       100%        8
 Discord                  Hex            0%         N/A       100%        8
 Disjunction              Tloc           0%         N/A       100%        8
 Ignition                 Fire           0%         3d3       100%        8
 Lehudib's Crystal Spear  Conj/Erth      0%         10d2      100%        8
 Maxwell's Capacitive Co  Air            0%         ∞         100%        8
 Necromutation            Tmut/Necr      0%         N/A       100%        8
 Summon Horrible Things   Summ           0%         N/A       100%        8
 Chain Lightning          Conj/Air       0%         N/A       100%        9
 Death's Door             Necr           0%         N/A       100%        9
 Dragon's Call            Summ           0%         N/A       100%        9
 Fire Storm               Conj/Fire      0%         5d1       100%        9
 Blink                    Tloc           Unusable   N/A       N/A         2
 Swiftness                Air            Unusable   N/A       N/A         3
 Vhi's Electric Charge    Tloc/Air       Unusable   N/A       N/A         3
 Animate Dead             Necr           Unusable   N/A       N/A         4
 Simulacrum               Ice/Necr       Unusable   N/A       N/A         6

Dungeon Overview and Level Annotations

Branches:
Dungeon (15/15)            Temple (1/1) D:5            Lair (5/5) D:8
  Swamp (4/4) Lair:3       Spider (4/4) Lair:3        Slime (0/5) Lair:4
    Orc (2/2) D:9             Elf (3/3) Orc:2        Vaults (5/5) D:13
  Crypt (3/3) Vaults:2       Tomb (3/3) Crypt:3      Depths (4/4) D:15
   Hell (visited)             Dis (0/7) Hell            Geh (7/7) Hell
    Coc (1/7) Hell            Tar (7/7) Hell            Zot (5/5) Depths:4
Ossuary (visited)

Altars:
Ashenzari
Cheibriados
Dithmenos
Elyvilon
Fedhas
Gozag
Hepliaklqana
Kikubaaqudgha
Makhleb
Nemelex Xobeh
Okawaru
Qazlal
Ru
Sif Muna
Trog
Uskayaw
Vehumet
Wu Jian
Xom
Yredelemnul
Zin
The Shining One
Jiyva

Shops:
D:9 [   D:15 *   Orc:2 ?((?[   Elf:1 (   Elf:2 *![(   Vaults:3 *(**   Tomb:2 ?
Depths:1 *((!(   Depths:4 (

Portals:
Hell: Depths:1 Depths:2 Depths:3 Depths:4
Abyss: Depths:2 Depths:3
Pandemonium: Depths:2

Annotations:
D:5 3 runed translucent doors, AlpineCheese's ghost, novice DrCj; AstroCodex24's ghost, novice DgFi; Pimp's ghost, novice DsNe; retardedninja's ghost, novice NaFi; sampeng1's ghost, amateur HuFi
Lair:1 2 transporters, NinjaNoafa's ghost, journeyman BaHu
Vaults:1 Saint Roka
Vaults:3 Donald
Zot:3 4 transporters


Innate Abilities, Weirdness & Mutations

You cannot be hasted, slowed, berserked, paralysed or teleported.
You can dig through walls and to a lower floor.
You have a pair of large antennae on your head. (SInv)
Your four strong arms can wield two-handed weapons with a shield.
You are partially covered in iridescent scales. (AC +2)
You are clumsy. (Dex -2)
Armour fits poorly on your strangely shaped body.
Your body often deteriorates upon taking damage.
You are dopey. (Int -2)
You are extremely frail. (-30% HP)
Your magical capacity is extremely low. (-30% MP)
You frequently scream uncontrollably at your foes.
You do not regenerate when monsters are visible.
Potions are less effective at restoring your health.
You are vulnerable to cold. (rC-)
Your spells are easier to cast, but less powerful.
You sometimes lose the ability to drink potions when taking damage.
You sometimes lose the ability to read scrolls when taking damage.
You have hidden genetic defects.


Message History

Your +9 spectral battleaxe hits the shadow demon!!!
You kill the shadow demon!
Your +9 spectral battleaxe disappears.
You see here a +3 antimagic scythe.
Unknown command.
You now have 37402 gold pieces (gained 8).
Things that are here:
a +0 robe; a +2 whip of holy wrath A hellion comes into view.
Things that are here:
9 gold pieces; a +0 scale mail; a +0 great sword of venom Unknown command.
You see here 8 gold pieces.
Unknown command.
Unknown command.
You slice the hellion!!
The hellion is severely wounded.
The hellion gestures at you.
The sphere of damnation explodes!
The damnation engulfs you!!
You feel threatened and lose the ability to read scrolls!
You feel threatened and lose the ability to drink potions!
Your body deteriorates!
You feel dopey.
The damnation engulfs the hellion.
The hellion completely resists.
You slice the hellion!!
You kill the hellion!
Unknown command.
You now have 37410 gold pieces (gained 8).
You now have 37419 gold pieces (gained 9).
Things that are here:
a +0 scale mail; a +0 great sword of venom
Things that are here:
a +0 robe; a +2 whip of holy wrath
Things that are here:
a +0 robe; a +0 trident Your magic seems less tainted.
You can read scrolls again.
There is a staircase leading out of the dungeon here.
You can't go down here!
You can't go down here!
You have escaped!

..######..##.# .##
#####.####
..###.###..######## #######
...##..#.....##...###..##.#
....##..#................##
###....#..)...#.###.......#
..####.....###....####....#
....(###'###.........###.##
⌠......'.$..[[[.@......#.##
.....###'##.$).$.....###..#
..####......$)....####....#
###.....###...#.###....####
.....##...##........####
.############.##....# ##
#########


There were no monsters in sight!

Vanquished Creatures
  Asmodeus (Geh:7)
  2 seraphim
  Tiamat (Zot:2)
  8 dread liches
  6 ancient liches
  6 orbs of fire
  Khufu (Tomb:3)
  A juggernaut (Depths:3)
  Sojobo (Crypt:1)
  Mennas (Tomb:2)
  39 royal mummies
  Boris (4 times) (Crypt:1 Crypt:2 Tomb:1 Depths:2)
  Vv (Crypt:1)
  3 shard shrikes
  Bai Suzhen (Swamp:3)
  13 Killer Klowns
  Margery (Crypt:1)
  7 pandemonium lords
  Frederick (Vaults:5)
  A curse toe (Crypt:3)
  Geryon (Hell)
  25 golden dragons
  12 pearl dragons
  34 bone dragons
  19 Brimstone Fiends
  7 profane servitors
  Nikola (Swamp:2)
  19 Tzitzimimeh
  18 doom hounds
  14 hellephants
  2 electric golems (Zot:5)
  A spectral shard shrike (Tar:2)
  6 Hell Sentinels
  5 Ice Fiends
  22 tentacled monstrosities
  A walking crystal tome (Zig:24)
  Rupert (Spider:1)
  34 Orb Guardians
  7 liches
  13 tainted leviathans
  4 titans
  12 deep elf blademasters
  30 searing wretches
  13 death cobs
  6 quicksilver dragons
  24 ancient champions
  7 Executioners
  9 deep elf master archers
  A walking divine tome (Depths:3)
  15 tentacled starspawn
  43 acid blobs
  A thorn hunter (Swamp:4)
  13 sphinxes
  A tengu reaver (Vaults:5)
  7 demonspawn warmongers
  8 shadow dragons
  11 storm dragons
  12 draconian monks
  The ghost of Pesouf the Phalangite, an adept MfHs of Okawaru (Spider:4)
  4 fenstrider witches
  25 fire giants
  13 nagarajas
  14 rockslimes
  20 azure jellies
  9 daevas (Zig:20)
  11 frost giants
  A frost giant (shapeshifter) (Vaults:5)
  11 draconian knights
  13 revenants
  8 deep elf sorcerers
  6 curse skulls
  A nargun (Coc:1)
  22 vault wardens
  Louise (Depths:3)
  11 angels
  13 draconian scorchers
  16 draconian shifters
  An iron dragon (Depths:3)
  3 caustic shrike zombies
  14 emperor scorpions
  14 ironbound preservers
  A juggernaut zombie (Zig:17)
  14 draconian stormcallers
  8 ghost moths
  6 cacodemons
  5 ophanim
  2 deep elf elementalists (Elf:3)
  14 draconian annihilators
  A ghoul (Crypt:3)
  27 very ugly things
  31 balrugs
  A broodmother (shapeshifter) (Vaults:4)
  An orc warlord (Orc:1)
  17 stone giants
  12 quicksilver oozes
  4 demonspawn blood saints
  6 demonspawn corrupters
  A rockslime zombie (Crypt:1)
  4 ironbound thunderhulks
  3 spriggan defenders (Depths:3)
  4 broodmothers
  10 vampire knights
  14 green draconians
  2 war gargoyles
  3 caustic shrike skeletons
  4 apis (Zig:20)
  10 putrid mouths
  20 reapers
  A demonspawn black sun (D:1)
  7 dire elephants
  4 eleionomae
  14 deep elf demonologists
  14 white draconians
  11 deep elf annihilators
  A spectral titan (Tar:2)
  17 black draconians
  4 wendigos
  17 purple draconians
  30 yellow draconians
  9 lorocyprocas
  18 red draconians
  14 bennus
  12 spark wasps
  11 bunyips
  27 eidola
  A spectral quicksilver dragon (Tar:2)
  20 deep elf death magi
  27 mummy priests
  12 ettins
  6 fire dragons
  23 green deaths
  8 blizzard demons
  18 jiangshi
  2 pearl dragon zombies (Crypt:2)
  3 spectral spriggans
  The ghost of BlueFalcon the Tainter, a journeyman DsVM of Kikubaaqudgha (D:14)
  A merfolk javelineer (Zig:7)
  9 shambling mangroves
  A spriggan zombie (Tomb:1)
  A merfolk impaler (Zig:7)
  23 great orbs of eyes
  11 deep elf high priests
  10 yaktaur captains
  The ghost of Lacaf the Fighter, a journeyman DsBe of Trog (D:11)
  5 entropy weavers
  2 hell beasts
  14 ice dragons
  6 rakshasas
  3 ghost crabs
  6 spriggan air magi
  18 salamander tyrants
  38 vault guards
  3 caustic shrike simulacra
  39 hydras
  5 ogre magi
  4 anacondas
  A juggernaut simulacrum (Crypt:2)
  2 catoblepae (Lair:5)
  5 centaur warriors
  2 spriggan skeletons
  3 ironbound frosthearts
  10 stokers
  8 boulder beetles
  2 jorogumos (Spider:2)
  4 radroaches
  3 death knights (Crypt:2)
  A merfolk aquamancer (Zig:16)
  14 two-headed ogres
  10 alligators
  3 two-headed ogres (shapeshifter)
  4 naga warriors (Zig:15)
  49 hell hogs
  Erica (D:8)
  A satyr (Zig:7)
  A fenstrider witch skeleton (Crypt:2)
  88 death scarabs
  6 deep troll shamans
  6 tengu warriors
  45 dancing weapons
  8 death yaks (Lair:5)
  16 vampire magi
  11 soul eaters
  5 naga sharpshooters
  11 thrashing horrors
  5 deep troll earth magi
  Urug (D:12)
  4 orc high priests
  25 hell knights
  6 spriggan berserkers
  Amaemon (D:8)
  Sonja (Lair:4)
  4 shock serpents
  A titan zombie (Crypt:2)
  A storm dragon zombie (Zig:17)
  31 shadow wraiths
  33 deep elf knights
  13 sun demons
  A salamander mystic (Zig:15)
  A titan skeleton (Tomb:2)
  5 skysharks
  A spark wasp zombie (Depths:3)
  10 wretched stars
  6 iron trolls
  23 skeletal warriors
  3 spatial maelstroms
  10 sixfirhies
  2 spectral anacondas
  12 orb spiders
  9 death drakes
  8 pharaoh ants
  7 sun moths
  7 goliath frogs
  8 flayed ghosts
  An obsidian statue (Zig:7)
  A quicksilver dragon simulacrum (Tomb:2)
  3 sea snakes (Zig:7)
  A bunyip zombie (Hell)
  12 shadow demons
  A spriggan druid (Swamp:4)
  12 cherubim
  7 glowing orange brains
  30 deep trolls
  28 swamp dragons
  2 spriggan simulacra
  3 wizards
  11 lindwurms
  2 shadow dragon zombies (Zig:17)
  A naga ritualist (Zig:15)
  25 deep elf archers
  A spectral hydra (Tar:2)
  A sphinx zombie (Depths:2)
  A bunyip skeleton (Crypt:3)
  3 bog bodies
  A spectral iron dragon (Tar:4)
  8 steelbarb worms
  17 phantasmal warriors
  14 ironbound convokers
  2 orange crystal statues (Zig:7)
  9 orc knights
  11 harpies
  A golden dragon skeleton (Depths:2)
  45 deep elf zephyrmancers
  An iron dragon zombie (Depths:2)
  2 anaconda skeletons
  43 deep elf pyromancers
  5 orc sorcerers
  4 will-o-the-wisps
  35 oklob plants
  3 mana vipers
  2 manticores
  52 ugly things
  A cyclops (D:14)
  A manticore (shapeshifter) (Zig:21)
  3 fauns (Zig:7)
  9 necromancers
  A worldbinder (Abyss:3)
  13 shining eyes
  A shining eye (shapeshifter) (Vaults:5)
  A centaur zombie (Tomb:1)
  17 wolf spiders
  2 salamanders
  A toenail golem (D:7)
  34 moths of wrath
  A spectral alligator snapping turtle (Tar:3)
  14 black mambas
  A salamander (shapeshifter) (Vaults:5)
  4 guardian serpents
  A stone giant skeleton (Abyss:3)
  6 apocalypse crabs
  A naga zombie (Crypt:2)
  3 naga magi
  20 elephants
  An iron dragon skeleton (Abyss:3)
  A water nymph (Zig:7)
  2 merfolk sirens
  3 rust devils
  22 smoke demons
  2 spectral centaurs (Tar:2)
  An ice statue (Zig:7)
  6 molten gargoyles (Hell)
  9 eyes of devastation
  4 apis skeletons (Crypt:2)
  2 titan simulacra
  A storm dragon simulacrum (Hell)
  16 vault sentinels
  An unseen horror (shapeshifter) (D:15)
  A gargoyle (D:13)
  9 demonic crawlers
  6 orange demons
  5 cane toads
  8 torpor snails
  A rime drake (Lair:2)
  2 unseen horrors
  25 large abominations
  A sea snake zombie (Crypt:3)
  A dire elephant skeleton (Tomb:2)
  2 efreet
  23 hellions
  11 freezing wraiths
  24 yaktaurs
  9 komodo dragons
  2 naga skeletons
  19 tormentors
  7 ice devils
  3 anaconda simulacra (Coc:1)
  A black draconian skeleton (Crypt:2)
  A green draconian skeleton (Crypt:3)
  A spectral naga (Tar:5)
  A golden dragon simulacrum (Hell)
  2 kobold demonologists
  A yellow draconian skeleton (Crypt:1)
  3 harpy zombies
  59 guardian mummies
  5 merfolk (Zig:7)
  15 ancient zymes
  4 red devils
  A death yak skeleton (Crypt:3)
  2 hellwings
  A merfolk (shapeshifter) (Zig:21)
  6 polar bears
  A hydra zombie (Crypt:2)
  A mana viper skeleton (Crypt:1)
  20 hornets
  3 spectral harpies
  A bloated husk (Swamp:1)
  7 trolls
  30 tarantellas
  13 meliai
  4 tyrant leeches
  2 iron dragon simulacra
  2 ettin zombies
  A shadow dragon simulacrum (Hell)
  A tengu simulacrum (Zig:11)
  21 blink frogs
  16 raiju
  3 harpy skeletons
  The ghost of mandoloar the Insei, an amateur OpTm of Cheibriados (D:4)
  A wind drake (shapeshifter) (Vaults:5)
  A snapping turtle (Zig:16)
  2 dream sheep (shapeshifter)
  A fire giant simulacrum (Depths:3)
  22 culicivoras
  6 air elementals
  2 jumping spiders (shapeshifter)
  A shadow (Zig:13)
  4 centaur simulacra
  A culicivora (shapeshifter) (D:13)
  84 slime creatures
  3 vampires
  51 flying skulls
  34 jumping spiders
  8 wraiths
  9 spriggans
  9 water elementals
  49 yaks
  7 fire elementals
  15 ushabtiu
  2 alligator skeletons
  8 wyverns
  7 ynoxinuls
  The ghost of dufus the Ducker, an amateur GnMo (D:3)
  A wind drake zombie (Crypt:1)
  A dire elephant simulacrum (Coc:1)
  3 basilisks
  A human (shapeshifter) (D:14)
  A basilisk (shapeshifter) (Vaults:5)
  9 golden eyes
  34 starcursed masses
  7 vampire mosquitoes
  An alligator snapping turtle simulacrum (Coc:1)
  5 steam dragons
  6 chaos spawn
  46 redbacks
  9 neqoxecs
  A wind drake skeleton (Crypt:2)
  12 swamp worms
  A glowing shapeshifter zombie (Zig:17)
  4 harpy simulacra
  3 nagas
  2 spatial vortices (Abyss:3)
  2 swamp worms (shapeshifter)
  13 water moccasins
  4 wargs
  9 hell hounds
  6 floating eyes
  2 acid dragons
  A hydra simulacrum (Hell)
  A black mamba simulacrum (Hell)
  10 swamp drakes
  3 ettin simulacra
  26 orc warriors
  2 ice beasts (Zig:11)
  5 black bears
  4 sky beasts
  9 boggarts
  5 wolves (Lair:5)
  13 ogres
  13 centaurs
  A manticore skeleton (Crypt:1)
  12 small abominations
  A phantom (D:4)
  3 kobold brigands (D:13)
  A rime drake skeleton (Crypt:2)
  A draconian zombie (Crypt:2)
  A yaktaur zombie (Crypt:3)
  5 bullfrogs
  2 naga simulacra
  7 earth elementals
  4 scorpions
  2 glowing shapeshifter simulacra
  3 water moccasin zombies
  5 wights (D:10)
  A polar bear zombie (Crypt:2)
  8 killer bees
  8 howler monkeys
  7 electric eels (Elf:3)
  A quasit (Abyss:3)
  A bullfrog zombie (Crypt:2)
  A human zombie (Crypt:3)
  17 jellies
  19 orc priests
  A bullfrog skeleton (Crypt:1)
  A centaur skeleton (Crypt:1)
  3 hounds
  2 gnoll boudas
  5 iguanas
  4 lightning spires (Zig:20)
  27 orc wizards
  A hell rat (Lair:2)
  2 human simulacra (D:12)
  A boggart simulacrum (D:14)
  A hound skeleton (Crypt:1)
  69 mummies
  6 adders
  A steam dragon skeleton (Crypt:2)
  4 white imps
  An ufetubus (Abyss:3)
  8 adder zombies (Ossuary)
  5 worms
  2 dart slugs
  60 orcs
  4 endoplasms
  3 giant cockroaches
  12 goblins
  6 hobgoblins
  6 jackals (D:1)
  4 quokkas
  6 ball pythons
  2 bats
  2 frilled lizards
  A frilled lizard skeleton (Crypt:1)
  4 gnoll zombies (Ossuary)
  4 hobgoblin zombies (Ossuary)
  A jackal zombie (D:6)
  4 kobolds
  4 kobold zombies (Ossuary)
  4 orc zombies (Ossuary)
  6 rats (D:1)
  A rat skeleton (Crypt:3)
  A bush (Lair:5)
  4 creeping infernos
  35 fire vortices
  A plant (Zig:27)
  A spectral weapon (Zig:22)
  15 starspawn tentacles
4151 creatures vanquished.

Vanquished Creatures (collateral kills)
  Ereshkigal (Tar:7)
  A profane servitor (Tar:6)
  7 bone dragons
  2 Tzitzimimeh
  3 doom hounds
  2 tainted leviathans
  A death cob (Zot:2)
  2 reapers (Tar:5)
  An angel (Vaults:3)
  An ironbound preserver (Vaults:4)
  3 very ugly things
  An ironbound thunderhulk (Vaults:1)
  A putrid mouth (Tar:7)
  A green draconian (Zot:2)
  A red draconian (Zot:2)
  A dire elephant (Vaults:1)
  A white draconian (Zot:2)
  A deep elf death mage (Vaults:1)
  3 eidola
  2 entropy weavers
  A yaktaur captain (Vaults:2)
  A spectral spriggan (Tar:6)
  2 ironbound frosthearts
  2 centaur warriors (Vaults:2)
  A spectral stone giant (Tar:4)
  A spectral dire elephant (Tar:7)
  5 shadow wraiths
  5 deep trolls (Vaults:3)
  A lindwurm (Vaults:1)
  A harpy (Vaults:1)
  2 ugly things (Vaults:3)
  A moth of wrath (Zot:2)
  5 vault sentinels
  7 yaktaurs
  3 redbacks (Vaults:3)
  5 orc warriors (Vaults:1)
  An orc wizard (Vaults:1)
  An orc (Vaults:1)
81 creatures vanquished.

Vanquished Creatures (others)
  A dread lich (Zot:5)
  An ancient lich (Vaults:5)
  2 pandemonium lords
  A royal mummy (Tomb:2)
  A golden dragon (Zig:27)
  A doom hound (Tar:5)
  4 Tzitzimimeh
  A tentacled monstrosity (Zot:3)
  An Orb Guardian (Zot:5)
  A lich (Depths:2)
  5 tainted leviathans
  A sphinx (Vaults:1)
  A death cob (Zot:3)
  An eldritch tentacle (Tomb:3)
  2 tengu reavers (Crypt:1)
  A shadow dragon (Zot:2)
  2 draconian monks
  3 draconian knights
  A revenant (Vaults:3)
  A fire giant (Geh:1)
  A deep elf sorcerer (Vaults:1)
  A balrug (Zig:14)
  A ghost moth (Zot:3)
  A vault warden (Vaults:4)
  A draconian annihilator (Zot:2)
  A draconian stormcaller (Zot:1)
  An ironbound preserver (Vaults:4)
  3 green draconians (Zot:1)
  5 black draconians
  3 red draconians
  2 white draconians (Zot:2)
  8 purple draconians
  A dire elephant (Vaults:4)
  2 putrid mouths (Tar:5)
  2 yellow draconians (Zot:2)
  An ettin (Vaults:1)
  A vault guard (Vaults:4)
  An ironbound frostheart (Vaults:4)
  An alligator (Swamp:4)
  A stoker (Zig:10)
  A spectral naga (Tar:5)
  A shadow wraith (Tar:6)
  A deep elf knight (Zig:18)
  A wizard (Vaults:2)
  A lindwurm (Vaults:2)
  2 deep trolls (Vaults:3)
  2 orc knights (Vaults:1)
  A steelbarb worm (Spider:3)
  A harpy (Vaults:1)
  An orc sorcerer (Vaults:1)
  2 moths of wrath
  A demonic crawler (Spider:3)
  A vault sentinel (Vaults:1)
  An eye of devastation (Abyss:3)
  6 yaktaurs
  A freezing wraith (Crypt:2)
  3 bloated husks
  A silent spectre (Tar:4)
  A jumping spider (Spider:4)
  2 stone giant simulacra (Coc:1)
  2 wraiths
  A steam dragon (D:10)
  A golden eye (Abyss:3)
  A chaos spawn (Abyss:3)
  An acid dragon (shapeshifter) (Zig:18)
  A swamp drake (Swamp:2)
  A boggart (Vaults:1)
  2 small abominations
  An orc priest (Vaults:1)
  An orc wizard (Vaults:1)
  A mummy (Tomb:2)
  An orc (Vaults:1)
  A bush (Lair:5)
  3 creeping infernos
  A demonic plant (Abyss:3)
  4 fire vortices
  2 foxfires (Swamp:4)
  48 fungi
  70 plants
  116 spectral weapons
  23 starspawn tentacles
383 creatures vanquished.

Grand Total: 4615 creatures vanquished

Notes
Turn   | Place    | Note
-------+----------+-------------------------------------------
     0 | D:1      | GigaChad the Formicid Fighter began the quest for the Orb.
     0 | D:1      | Reached XP level 1. HP: 18/18 MP: 1/1
     0 | D:1      | Entered explore mode.
    79 | D:1      | Reached XP level 2. HP: 23/24 MP: 2/2
   291 | D:1      | Found a faded altar of an unknown god.
   465 | D:1      | Reached XP level 3. HP: 29/29 MP: 3/3
  2114 | D:3      | Reached XP level 4. HP: 35/37 MP: 4/4
  2331 | D:3      | Found a runed translucent door.
  2752 | D:3      | Noticed dufus's ghost (amateur GnMo)
  2901 | D:4      | Reached XP level 5. HP: 42/42 MP: 5/5
  2916 | D:4      | Noticed a black bear
  2927 | D:4      | HP: 2/42 [black bear (6)]
  2927 | D:4      | Slain by a black bear (2 damage)
  2928 | D:4      | Killed a black bear
  2929 | D:4      | Reached skill level 5 in Shields
  2929 | D:4      | Reached XP level 6. HP: 37/48 MP: 6/6
  2975 | D:4      | Found a blossoming altar of Fedhas.
  3504 | D:4      | Found a basalt altar of Yredelemnul.
  3542 | D:4      | Noticed mandoloar's ghost (amateur OpTm)
  3543 | D:4      | Found a runed translucent door.
  3816 | D:4      | Reached skill level 5 in Armour
  3864 | D:4      | Found a bloodstained altar of Trog.
  3923 | D:4      | Killed mandoloar's ghost
  3924 | D:4      | Reached skill level 5 in Axes
  3924 | D:4      | Reached XP level 7. HP: 46/55 MP: 7/7
  3962 | D:5      | Entered Level 5 of the Dungeon
  3962 | D:5      | Found a staircase to the Ecumenical Temple.
  3970 | Temple   | Entered the Ecumenical Temple
  4131 | Temple   | Became a worshipper of Gozag Ym Sagoz the Greedy
  4211 | D:5      | Found a runed translucent gate.
  4211 | D:5      | Found a runed translucent gate.
  4211 | D:5      | Found a runed translucent gate.
  4212 | D:5      | Noticed sampeng1's ghost (amateur HuFi)
  4850 | D:5      | Noticed AlpineCheese's ghost (novice DrCj)
  4852 | D:5      | Noticed retardedninja's ghost (novice NaFi)
  4852 | D:5      | Noticed AstroCodex24's ghost (novice DgFi)
  4852 | D:5      | Noticed Pimp's ghost (novice DsNe)
  4887 | D:6      | Reached XP level 8. HP: 59/61 MP: 8/8
  5164 | D:6      | Found a sand-covered staircase.
  5186 | Ossuary  | Entered an ossuary
  5297 | Ossuary  | Reached skill level 5 in Fighting
  5827 | D:7      | Noticed a wyvern
  5833 | D:7      | Killed a wyvern
  6298 | D:7      | Reached XP level 9. HP: 34/68 MP: 9/9
  6448 | D:7      | You fall into a shaft and drop 1 floor!
  6470 | D:8      | Noticed Amaemon
  6474 | D:8      | Noticed an orange demon
  6475 | D:8      | Noticed a komodo dragon
  6483 | D:8      | Slain by an orange demon (11 damage)
                  | ... led by Amaemon
  6485 | D:8      | Demolished by a komodo dragon (30 damage)
  6489 | D:8      | Killed Amaemon
  6491 | D:8      | HP: 1/69 [komodo dragon (23)]
  6492 | D:8      | Slain by an orange demon (2 damage)
                  | ... led by Amaemon
  6494 | D:8      | Killed a komodo dragon
  6500 | D:8      | Killed an orange demon
  6501 | D:8      | Reached XP level 10. HP: 17/77 MP: 10/10
  7073 | D:8      | Reached skill level 1 in Maces & Flails
  7075 | D:8      | Noticed Erica
  7083 | D:8      | Killed Erica
  7084 | D:8      | Reached skill level 10 in Shields
  7265 | D:8      | Found a staircase to the Lair.
  7913 | D:9      | Found a staircase to the Orcish Mines.
  7997 | D:9      | Noticed a two-headed ogre
  8017 | D:9      | Killed a two-headed ogre
  8018 | D:9      | Reached skill level 10 in Axes
  8018 | D:9      | Reached XP level 11. HP: 40/84 MP: 11/11
  8452 | D:9      | Found a radiant altar of Vehumet.
  8460 | D:9      | Found a hazy altar of Hepliaklqana.
  8918 | D:9      | Noticed a red ugly thing
  8933 | D:9      | Killed a red ugly thing
  9206 | D:9      | Found Foetris's Armour Shoppe.
  9333 | D:9      | Noticed a red ugly thing
  9345 | D:9      | Killed a red ugly thing
  9353 | D:9      | Noticed a seven-headed hydra
  9354 | D:9      | Identified the +6 shortbow of Evolution {elec, rC+ MP+9
                  | Int-3}
  9361 | D:9      | HP: 2/86 [12-headed hydra (10)]
  9361 | D:9      | Mangled by a 12-headed hydra (12 damage)
  9363 | D:9      | Slain by a 14-headed hydra (13 damage)
  9366 | D:9      | Mangled by a 17-headed hydra (13 damage)
  9367 | D:9      | HP: 3/86 [18-headed hydra (13)]
  9367 | D:9      | HP: 1/86 [18-headed hydra (2)]
  9367 | D:9      | Slain by an 18-headed hydra (6 damage)
  9370 | D:9      | Slain by a 19-headed hydra (6 damage)
  9371 | D:9      | Mangled by a 20-headed hydra (12 damage)
  9373 | D:9      | HP: 1/86 [20-headed hydra (8)]
  9373 | D:9      | Slain by a 20-headed hydra (5 damage)
  9375 | D:9      | Killed a 20-headed hydra
  9393 | D:9      | Identified a scroll of acquirement
  9393 | D:9      | Acquired 811 gold pieces
  9472 | D:9      | Bought the +2 fire dragon scales of Submission {rF++ rC-
                  | MP+9 Dex+2 Stlth+} for 1530 gold pieces
  9472 | D:9      | Bought a +2 pair of gloves of strength for 322 gold pieces
  9894 | Orc:1    | Entered Level 1 of the Orcish Mines
 10006 | Orc:1    | Noticed an orc high priest
 10012 | Orc:1    | Noticed a sun demon
 10021 | Orc:1    | Killed an orc high priest
 10027 | Orc:1    | HP: 3/86 [orc wizard/magic dart[an orc high priest] (6)]
 10035 | Orc:1    | Killed by divine providence
                  | ... invoked by an orc priest
                  | (13 damage)
 10115 | Orc:1    | Found an ornate altar of the Wu Jian Council.
 10117 | Orc:1    | Found a transporter.
 10118 | Orc:1    | Found a transporter.
 10152 | Orc:1    | Found a transporter.
 10152 | Orc:1    | Noticed an orc knight
 10153 | Orc:1    | Noticed an orc knight
 10259 | Orc:1    | Found a transporter.
 10260 | Orc:1    | Found an ornate altar of the Wu Jian Council.
 10260 | Orc:1    | Noticed an orc warlord
 10464 | Orc:1    | Reached XP level 12. HP: 91/93 MP: 12/12
 10492 | Orc:1    | Mangled by an orc knight
                  | ... wielding a +5 great sword
                  | (40 damage)
 10814 | Orc:1    | Killed an orc warlord
 10998 | Orc:2    | Entered Level 2 of the Orcish Mines
 11301 | Orc:2    | Reached skill level 1 in Long Blades
 11450 | Orc:2    | Found Sugenol's Magic Scroll Emporium.
 11615 | Orc:2    | Bought a scroll of enchant weapon for 127 gold pieces
 11622 | Orc:2    | Found a staircase to the Elven Halls.
 11762 | Orc:2    | Noticed an orc high priest
 11770 | Orc:2    | Killed an orc high priest
 11771 | Orc:2    | Noticed an orc high priest
 11775 | Orc:2    | Mangled by an orc knight
                  | ... wielding a +0 great sword
                  | (42 damage)
 11780 | Orc:2    | Demolished by an orc knight
                  | ... wielding a +0 great sword
                  | (34 damage)
 11787 | Orc:2    | Killed an orc high priest
 11788 | Orc:2    | Reached skill level 10 in Armour
 11791 | Orc:2    | Noticed an orc high priest
 11798 | Orc:2    | Reached skill level 5 in Maces & Flails
 11804 | Orc:2    | Killed an orc high priest
 11805 | Orc:2    | Reached XP level 13. HP: 32/101 MP: 13/13
 11814 | Orc:2    | HP: 5/101 [orc sorcerer/bolt of fire (3)]
 11820 | Orc:2    | Killed from afar by an orc sorcerer (18 damage)
                  | ... with a bolt of negative energy
 11830 | Orc:2    | Found Kink's Armour Shop.
 11830 | Orc:2    | Found Jucauda's Magic Scroll Emporium.
 11867 | Orc:2    | Found Viduefi's Weapon Shop.
 11867 | Orc:2    | Found Wetoukoc's Antique Weapon Emporium.
 11876 | Orc:2    | Bought a scroll of enchant armour for 97 gold pieces
 12105 | D:10     | Entered Level 10 of the Dungeon
 12108 | D:10     | Found a sparkling altar of Nemelex Xobeh.
 12416 | D:10     | Found a snail-covered altar of Cheibriados.
 12791 | D:11     | Found a transporter.
 12791 | D:11     | Found a transporter.
 13009 | D:11     | Noticed Lacaf's ghost (journeyman DsBe)
 13177 | D:11     | Found a bloodstained altar of Trog.
 13232 | D:11     | Found a blossoming altar of Fedhas.
 13618 | D:12     | HP: 3/103 [two-headed ogre/+0 giant club (11)]
 14237 | D:12     | Reached skill level 10 in Fighting
 14320 | D:12     | Noticed Urug
 14335 | D:12     | Killed Urug
 14589 | D:12     | Found a portal to a secret trove of treasure.
 14627 | D:12     | You paid a toll of a +7 demon blade to enter a treasure
                  | trove
 14628 | Trove    | Entered a treasure trove
 15355 | D:13     | Reached XP level 14. HP: 106/110 MP: 14/14
 15724 | D:13     | Reached skill level 1 in Evocations
 15855 | D:13     | Killed by divine providence
                  | ... invoked by an orc priest
                  | (11 damage)
 16091 | D:13     | Found a gate to the Vaults.
 16600 | D:14     | Reached skill level 15 in Shields
 17050 | D:14     | Found a transporter.
 17064 | D:14     | Found a transporter.
 17067 | D:14     | Noticed BlueFalcon's ghost (journeyman DsVM)
 17097 | D:14     | Reached skill level 15 in Axes
 17107 | D:14     | Killed by vampiric draining
                  | ... invoked by BlueFalcon's ghost
                  | (20 damage)
 17112 | D:14     | Killed BlueFalcon's ghost
 17548 | D:14     | Reached skill level 1 in Staves
 17790 | D:15     | Entered Level 15 of the Dungeon
 17950 | D:15     | Found a staircase to the Depths.
 17950 | D:15     | Noticed a stone giant
 18005 | D:15     | Killed a stone giant
 18262 | D:15     | Reached skill level 5 in Long Blades
 18682 | D:15     | Found a sparkling altar of Nemelex Xobeh.
 18835 | D:15     | Reached XP level 15. HP: 90/117 MP: 15/15
 18970 | D:15     | Found Quom's Assorted Antiques.
 18982 | D:15     | Bought a scroll of enchant armour for 187 gold pieces
 18982 | D:15     | Bought a phial of floods for 1000 gold pieces
 19432 | Lair:1   | Entered Level 1 of the Lair of Beasts
 19611 | Lair:1   | Found a transporter.
 19612 | Lair:1   | Found a transporter.
 19679 | Lair:1   | Noticed NinjaNoafa's ghost (journeyman BaHu)
 19703 | Lair:1   | You fall into a shaft and drop 1 floor!
 20424 | Lair:3   | Found a hole to the Spider Nest.
 20867 | Lair:3   | Identified the +0 quarterstaff "Spiderslayer" {drain, SInv}
 21276 | Lair:3   | Found a staircase to the Swamp.
 21726 | Lair:4   | Noticed Sonja
 21730 | Lair:4   | Killed Sonja
 21786 | Lair:4   | Acquired the ring of Wu Jian, Usurping {rN+ Will- rCorr
                  | Str+4}
 22205 | Lair:4   | Found a viscous altar of Jiyva.
 22205 | Lair:4   | Found a staircase to the Slime Pits.
 22684 | Lair:5   | Entered Level 5 of the Lair of Beasts
 22710 | Lair:5   | HP: 5/119 [17-headed hydra (13)]
 22711 | Lair:5   | Slain by an 18-headed hydra (6 damage)
 22807 | Lair:5   | Identified the +6 halberd "Xom's Best Wishes" {pain, +Blink
                  | Will+++ Dex-4 SInv}
 23071 | Lair:5   | Reached XP level 16. HP: 93/127 MP: 16/16
 23082 | Lair:5   | HP: 1/127 [15-headed hydra (8)]
 23082 | Lair:5   | Mangled by a 15-headed hydra (13 damage)
 23182 | Lair:5   | Reached skill level 5 in Staves
 23517 | Lair:5   | Reached skill level 5 in Evocations
 23928 | Swamp:1  | Entered Level 1 of the Swamp
 23964 | Swamp:1  | HP: 5/127 [swamp worm (8)]
 23964 | Swamp:1  | Mangled by a six-headed hydra (13 damage)
 23967 | Swamp:1  | Slain by a six-headed hydra (14 damage)
 23970 | Swamp:1  | Slain by a six-headed hydra (13 damage)
 23988 | Swamp:1  | HP: 6/127 [acid (4)]
 23989 | Swamp:1  | Demolished by a goliath frog (27 damage)
 25187 | Swamp:2  | HP: 1/127 [17-headed hydra (6)]
 25187 | Swamp:2  | Slain by a 17-headed hydra (3 damage)
 25374 | Swamp:2  | Noticed Nikola
 25383 | Swamp:2  | Killed Nikola
 25485 | Swamp:2  | HP: 4/128 [acid (5)]
 25486 | Swamp:2  | Succumbed to poison (poison gas)
 25767 | Swamp:3  | Reached XP level 17. HP: 133/135 MP: 17/17
 25919 | Swamp:3  | Noticed Bai Suzhen
 25928 | Swamp:3  | HP: 1/135 [11-headed hydra[Bai Suzhen] (11)]
 25928 | Swamp:3  | Mangled by an 11-headed hydra (8 damage)
                  | ... summoned by Bai Suzhen
 25940 | Swamp:3  | Mangled by a bunyip (25 damage)
 25942 | Swamp:3  | Killed Bai Suzhen
 26279 | Swamp:4  | Entered Level 4 of the Swamp
 26328 | Swamp:4  | HP: 2/135 [11-headed hydra (6)]
 26328 | Swamp:4  | Slain by an 11-headed hydra (5 damage)
 26332 | Swamp:4  | Mangled by a shambling mangrove (32 damage)
 26338 | Swamp:4  | HP: 2/135 [16-headed hydra (7)]
 26338 | Swamp:4  | Mangled by a 16-headed hydra (10 damage)
 26340 | Swamp:4  | Slain by a 12-headed hydra (6 damage)
 26342 | Swamp:4  | Succumbed to a swamp drake's noxious blast
 26346 | Swamp:4  | HP: 5/135 [15-headed hydra (7)]
 26346 | Swamp:4  | Slain by a 15-headed hydra (9 damage)
 26348 | Swamp:4  | Demolished by a shambling mangrove (25 damage)
 26351 | Swamp:4  | HP: 4/135 [poisoned by a swamp dragon (poison gas)]
 26351 | Swamp:4  | Slain by a 20-headed hydra (8 damage)
 26355 | Swamp:4  | Slain by a 20-headed hydra (10 damage)
 26357 | Swamp:4  | HP: 5/135 [nine-headed hydra (10)]
 26357 | Swamp:4  | Slain by a 20-headed hydra (5 damage)
 26366 | Swamp:4  | Succumbed to a swamp dragon's poison gas
 26375 | Swamp:4  | HP: 6/135 [swamp dragon] (2)]
 26375 | Swamp:4  | Succumbed to a swamp dragon's poison gas
 26379 | Swamp:4  | Succumbed to poison (poison gas)
 26396 | Swamp:4  | HP: 6/135 [eight-headed hydra (2)]
 26396 | Swamp:4  | Slain by an eight-headed hydra (6 damage)
 26400 | Swamp:4  | Mangled by an 11-headed hydra (13 damage)
 26803 | Swamp:4  | Got a decaying rune of Zot
 26851 | Swamp:4  | Noticed a thorn hunter
 26863 | Swamp:4  | Killed a thorn hunter
 26926 | Swamp:4  | Succumbed to a swamp dragon's poison gas
 27644 | Swamp:4  | Found a sparkling altar of Nemelex Xobeh.
 27885 | Spider:1 | Entered Level 1 of the Spider Nest
 28251 | Spider:1 | Reached XP level 18. HP: 127/143 MP: 18/18
 28366 | Spider:1 | Found a frozen archway.
 28515 | Spider:1 | HP: 4/144 [demonic crawler (5)]
 28517 | Spider:1 | Mangled by a demonic crawler (14 damage)
 28538 | Spider:1 | HP: 7/144 [demonic crawler (9)]
 28723 | Spider:1 | Noticed Rupert
 28731 | Spider:1 | Killed Rupert
 30815 | Spider:3 | Found a transporter.
 30817 | Spider:3 | Found a transporter.
 31147 | Spider:3 | HP: 7/145 [disintegration (33)]
 31149 | Spider:3 | HP: 1/145 [demonic crawler[a torpor snail] (7)]
 31149 | Spider:3 | Blown up by an orb spider (33 damage)
                  | ... with a wavering orb of destruction
 31172 | Spider:3 | Reached XP level 19. HP: 67/151 MP: 19/19
 31827 | Spider:4 | Entered Level 4 of the Spider Nest
 32436 | Spider:4 | HP: 4/152 [spark wasp (15)]
 32436 | Spider:4 | Mangled by a spark wasp (13 damage)
 32440 | Spider:4 | Mangled by a spark wasp (19 damage)
 32445 | Spider:4 | Slain by a spark wasp (17 damage)
 32449 | Spider:4 | HP: 3/152 [emperor scorpion (12)]
 32450 | Spider:4 | Succumbed to an emperor scorpion's poison
 32607 | Spider:4 | Got a gossamer rune of Zot
 33091 | Spider:4 | Found a runed translucent door.
 33092 | Spider:4 | Found the +8 lance "Wyrmbane" {slay drac, rPois rF+ rC+
                  | AC+3}
 33093 | Spider:4 | Noticed Pesouf's ghost (adept MfHs)
 33215 | Spider:4 | Killed Pesouf's ghost
 33218 | Spider:4 | Found the dreamshard necklace {*Dream Drain}
 33538 | D:11     | Killed Lacaf's ghost
 33541 | D:11     | HP: 3/153 [two-headed ogre/+0 giant club (21)]
 33541 | D:11     | Demolished by a two-headed ogre
                  | ... wielding a +0 giant club
                  | (17 damage)
 33851 | Vaults:1 | Entered Level 1 of the Vaults
 33875 | Vaults:1 | Identified the +1 cloak of Plasticity {*Slow +Blink +Inv
                  | Str+3 Dex+3}
 33910 | Vaults:1 | Reached skill level 10 in Staves
 33912 | Vaults:1 | Killed from afar by an ironbound frostheart (42 damage)
                  | ... by creeping frost
 34230 | Vaults:1 | Noticed Saint Roka
 34233 | Vaults:1 | Reached skill level 10 in Maces & Flails
 34260 | Vaults:1 | Reached XP level 20. HP: 108/160 MP: 20/20
 34352 | Vaults:1 | Found the +5 glaive of the Guard {elec, spectral, AC+5}
 34399 | Vaults:1 | Identified the +1 war axe "String" {flame, Contam rPois
                  | Will+++ rCorr}
 35311 | Vaults:2 | Reached skill level 15 in Fighting
 35936 | Vaults:2 | Found a staircase to the Crypt.
 36496 | Vaults:3 | Found a glowing silver altar of Zin.
 36496 | Vaults:3 | Found a glowing golden altar of the Shining One.
 36666 | Vaults:3 | Found Boysm's Assorted Antiques.
 36667 | Vaults:3 | Found Imugra's General Store.
 36680 | Vaults:3 | Noticed Donald
 37017 | Vaults:3 | Found a crumbling gateway.
 37058 | Vaults:3 | Found a white marble altar of Elyvilon.
 37337 | Vaults:3 | Identified the +5 war axe "Zyiple" {elec, rPois rCorr}
 37533 | Vaults:3 | Found Natarr's Antique Weapon Shoppe.
 37558 | Vaults:3 | Found Jozitac's General Store.
 37598 | Vaults:3 | Bought the +3 great sword "Ekhluimn" {flame, rElec Str+3
                  | SInv} for 819 gold pieces
 37811 | Vaults:4 | Reached XP level 21. HP: 138/168 MP: 21/21
 38161 | Vaults:4 | HP: 8/169 [vault warden/+3 bardiche of protection (37)]
 38161 | Vaults:4 | Killed from afar by an ironbound frostheart (42 damage)
                  | ... by creeping frost
 38614 | Vaults:4 | Reached skill level 10 in Long Blades
 38927 | Vaults:5 | Entered Level 5 of the Vaults
 38934 | Vaults:5 | Noticed an ancient lich
 38944 | Vaults:5 | Noticed a dread lich
 38947 | Vaults:5 | HP: 8/171 [green very ugly thing (6)]
 38948 | Vaults:5 | HP: 1/171 [war gargoyle/spray of metal splinters (5)]
 38948 | Vaults:5 | Mangled by a green very ugly thing (7 damage)
                  | ... while petrified by an ancient lich
 38954 | Vaults:5 | HP: 7/171 [titan/the air (17)]
 38954 | Vaults:5 | Slain by a dread lich (11 damage)
 38957 | Vaults:5 | Killed a dread lich
 38964 | Vaults:5 | Killed an ancient lich
 38965 | Vaults:5 | Reached XP level 22. HP: 20/179 MP: 22/22
 38973 | Vaults:5 | Slain by a yaktaur captain
                  | ... wielding a +0 quarterstaff
                  | (28 damage)
 38997 | Vaults:5 | Killed from afar by a titan (57 damage)
                  | ... with a bolt of lightning
 39002 | Vaults:5 | Identified the amulet of a Million Villages {Spirit rPois
                  | rF+}
 39006 | Vaults:5 | Killed from afar by a frost giant (121 damage)
                  | ... with a bolt of cold
 39064 | Vaults:5 | Reached skill level 10 in Evocations
 39067 | Abyss:2  | Cast into level 2 of the Abyss (a deep elf sorcerer)
 39093 | Abyss:2  | HP: 9/180 [sixfirhy (10)]
 39107 | Abyss:3  | Gained mutation: Your magical capacity is low. (-10% MP) [a
                  | shining eye]
 39108 | Abyss:3  | Blown up by an eye of devastation (29 damage)
                  | ... with a bolt of energy
 39108 | Abyss:3  | Gained mutation: You occasionally shout uncontrollably at
                  | your foes. [a shining eye]
 39129 | Abyss:3  | HP: 8/180 [ophan] (4)]
 39130 | Abyss:3  | Engulfed by an ophan's blessed fire (13 damage)
 39540 | Vaults:5 | Escaped the Abyss
 39544 | Vaults:5 | Noticed a golden dragon
 39551 | Vaults:5 | HP: 9/180 [vault warden/+0 battleaxe (10)]
 39551 | Vaults:5 | Shot with a bolt by a vault warden (26 damage)
 39552 | Vaults:5 | Noticed a golden dragon
 39553 | Vaults:5 | Noticed a golden dragon
 39564 | Vaults:5 | HP: 9/180 [spore (6)]
 39564 | Vaults:5 | Killed a golden dragon
 39564 | Vaults:5 | Shot with a bolt by a vault warden (20 damage)
 39568 | Vaults:5 | Killed a golden dragon
 39571 | Vaults:5 | Killed a golden dragon
 39572 | Vaults:5 | Noticed an ancient lich
 39579 | Vaults:5 | HP: 8/181 [phantasmal warrior (6)]
 39580 | Vaults:5 | Slain by a storm dragon (8 damage)
                  | ... while petrified by a basilisk
 39586 | Vaults:5 | Mangled by a vault warden
                  | ... wielding a +1 great mace of protection
                  | (17 damage)
                  | ... while petrified by a basilisk
 39589 | Vaults:5 | Killed from afar by an ancient lich (115 damage)
                  | ... with a crystal spear
 39593 | Vaults:5 | Reached XP level 23. HP: 177/187 MP: 20/20
 39599 | Vaults:5 | Reached skill level 15 in Armour
 39599 | Vaults:5 | HP: 1/187 [ettin/+0 dire flail (24)]
 39600 | Vaults:5 | Killed an ancient lich
 39608 | Vaults:5 | Killed from afar by a lich (60 damage)
                  | ... with a bolt of cold
 39642 | Vaults:5 | Shot with a bolt by a yaktaur captain (35 damage)
 40065 | Vaults:5 | Noticed Frederick
 40080 | Vaults:5 | Killed Frederick
 40213 | Vaults:5 | Got a silver rune of Zot
 40368 | Vaults:5 | Identified the +0 chain mail of the Midnight Sun {Str+3}
 40413 | Vaults:5 | Identified the staff of fire "Osua" {rF+ Str+3}
 40417 | Vaults:5 | Identified the staff of fire "Kifeweiz" {rF+ rC+}
 40518 | Vaults:5 | Identified the +0 ring mail of Whack-A-Mole {+Inv rF+ Str+2
                  | Int-2}
 40566 | Vaults:5 | Identified the staff of conjuration "Rejeggiz" {Fly rCorr}
 41215 | Crypt:1  | Entered Level 1 of the Crypt
 41302 | Crypt:1  | Noticed Sojobo
 41315 | Crypt:1  | HP: 1/180 [tengu reaver/bolt of lightning[Sojobo] (34)]
 41316 | Crypt:1  | Succumbed to a tengu reaver's bolt of poison
 41340 | Crypt:1  | Killed Sojobo
 41539 | Crypt:1  | Acquired the +5 tower shield of Riyfajy {Str+3 SInv}
 41849 | Crypt:1  | Noticed Vv
 41858 | Crypt:1  | Noticed Boris
 41860 | Crypt:1  | Killed from afar by Vv (72 damage)
                  | ... by creeping frost
 41862 | Crypt:1  | Noticed Margery
 41866 | Crypt:1  | Killed Vv
 41869 | Crypt:1  | Slain by a hell knight
                  | ... wielding a +1 halberd of flaming
                  | ... led by Margery
                  | (13 damage)
 41879 | Crypt:1  | Killed Boris
 41884 | Crypt:1  | Killed Margery
 41893 | Crypt:1  | Killed from afar by an ancient champion (51 damage)
                  | ... with an iron shot
 42494 | Crypt:2  | Found a basalt altar of Yredelemnul.
 42496 | Crypt:2  | Noticed a profane servitor
 42506 | Crypt:2  | Killed a profane servitor
 42526 | Crypt:2  | Reached XP level 24. HP: 35/197 MP: 12/20
 42943 | Crypt:2  | Noticed Boris
 42964 | Crypt:2  | Killed Boris
 44179 | Crypt:3  | Entered Level 3 of the Crypt
 44870 | Crypt:3  | Found a staircase to the Tomb.
 45172 | Crypt:3  | HP: 7/192 [spectral titan[a revenant] (3)]
 45641 | Crypt:3  | Found a basalt altar of Yredelemnul.
 45641 | Crypt:3  | Found an ancient bone altar of Kikubaaqudgha.
 45641 | Crypt:3  | Noticed a curse toe
 45648 | Crypt:3  | Killed a curse toe
 45851 | Crypt:3  | Identified the +1 robe of the Onion {rF- rCorr Dex+3}
 45854 | Crypt:3  | Identified the +11 flail of the Hidden Lovers {heavy,
                  | *Noise rElec rCorr Str+4}
 46168 | Tomb:1   | Entered Level 1 of the Tomb of the Ancients
 46513 | Tomb:1   | HP: 1/199 [sphinx (13)]
 46513 | Tomb:1   | Mangled by a sphinx (7 damage)
 46674 | Tomb:1   | Noticed Boris
 46680 | Tomb:1   | Killed Boris
 46840 | Tomb:1   | Noticed a royal mummy
 46851 | Tomb:1   | Killed a royal mummy
 46852 | Tomb:1   | Reached XP level 25. HP: 112/206 MP: 20/20
 47095 | Tomb:1   | Noticed a royal mummy
 47104 | Tomb:1   | Killed a royal mummy
 47701 | Tomb:2   | Noticed a royal mummy
 47704 | Tomb:2   | Noticed a royal mummy
 47705 | Tomb:2   | Noticed a royal mummy
 47705 | Tomb:2   | Noticed a royal mummy
 47709 | Tomb:2   | Noticed Mennas
 47719 | Tomb:2   | HP: 10/206 [??? (4)]
 47719 | Tomb:2   | Slain by Mennas
                  | ... wielding a +4 sacred scourge of holy wrath
                  | (11 damage)
 47726 | Tomb:2   | Mangled by Mennas
                  | ... wielding a +4 sacred scourge of holy wrath
                  | (22 damage)
 47729 | Tomb:2   | Mangled by a death scarab (20 damage)
                  | ... summoned by a royal mummy
 47735 | Tomb:2   | Killed Mennas
 47739 | Tomb:2   | HP: 8/206 [spore (9)]
 47739 | Tomb:2   | Killed a royal mummy
 47739 | Tomb:2   | Killed by a royal mummy's death curse (14 damage)
 47743 | Tomb:2   | Killed a royal mummy
 47750 | Tomb:2   | HP: 3/192 [bennu (10)]
 47750 | Tomb:2   | HP: 1/192 [royal mummy (2)]
 47750 | Tomb:2   | Killed from afar by an ushabti (5 damage)
                  | ... with a vile air
 47753 | Tomb:2   | Killed a royal mummy
 47771 | Tomb:2   | Killed from afar by a lich (63 damage)
                  | ... with a bolt of cold
 47790 | Tomb:2   | HP: 2/190 [guardian mummy (8)]
 47791 | Tomb:2   | Mangled by a royal mummy (10 damage)
                  | ... while petrified
 47803 | Tomb:2   | Killed a royal mummy
 48144 | Tomb:2   | HP: 3/204 [flayed ghost[a mummy priest] (13)]
 48146 | Tomb:2   | Mangled by a flayed ghost (17 damage)
                  | ... summoned by a mummy priest
 48801 | Tomb:2   | Upgraded the game from 0.30-a0-1075-gcd70e7a56d to
                  | 0.30-a0-1085-g990a428a5c
 49171 | Tomb:1   | Noticed a royal mummy
 49178 | Tomb:1   | Killed a royal mummy
 49202 | Tomb:1   | Noticed a royal mummy
 49215 | Tomb:1   | Noticed a royal mummy
 49222 | Tomb:1   | Killed a royal mummy
 49223 | Tomb:1   | Noticed a royal mummy
 49226 | Tomb:1   | HP: 10/208 [poisoned by an emperor scorpion]
 49227 | Tomb:1   | Killed by divine providence
                  | ... invoked by a royal mummy
                  | (7 damage)
 49234 | Tomb:1   | Killed a royal mummy
 49251 | Tomb:1   | Killed a royal mummy
 49293 | Tomb:1   | Noticed a royal mummy
 49296 | Tomb:1   | Noticed a royal mummy
 49303 | Tomb:1   | HP: 2/208 [death scarab[a royal mummy] (9)]
 49304 | Tomb:1   | Slain by a death scarab (5 damage)
                  | ... summoned by a royal mummy
 49315 | Tomb:1   | Killed a royal mummy
 49322 | Tomb:1   | HP: 10/208 [emperor scorpion[a royal mummy] (16)]
 49324 | Tomb:1   | HP: 2/208 [poisoned by an emperor scorpion]
 49325 | Tomb:1   | Succumbed to an emperor scorpion's poison
 49326 | Tomb:1   | Killed a royal mummy
 49579 | Tomb:1   | Noticed a royal mummy
 49581 | Tomb:1   | Noticed a royal mummy
 49595 | Tomb:1   | Killed a royal mummy
 49605 | Tomb:1   | HP: 8/208 [death scarab[a royal mummy] (14)]
 49610 | Tomb:1   | Demolished by a death scarab (21 damage)
                  | ... summoned by a royal mummy
 49640 | Tomb:1   | HP: 5/208 [death scarab[a royal mummy] (20)]
 49642 | Tomb:1   | Slain by a death scarab (5 damage)
                  | ... summoned by a royal mummy
 49644 | Tomb:1   | Noticed a royal mummy
 49666 | Tomb:1   | HP: 9/208 [emperor scorpion[a royal mummy] (10)]
 49667 | Tomb:1   | HP: 3/208 [emperor scorpion[a royal mummy] (2)]
 49668 | Tomb:1   | Succumbed to an emperor scorpion's poison
 49684 | Tomb:1   | HP: 1/208 [emperor scorpion[a royal mummy] (10)]
 49684 | Tomb:1   | Mangled by an emperor scorpion (7 damage)
                  | ... summoned by a royal mummy
 49693 | Tomb:1   | Killed a royal mummy
 49720 | Tomb:1   | HP: 10/208 [emperor scorpion[a royal mummy] (4)]
 49720 | Tomb:1   | Slain by an emperor scorpion (12 damage)
                  | ... summoned by a royal mummy
 49734 | Tomb:1   | HP: 8/208 [death scarab[a royal mummy] (12)]
 49734 | Tomb:1   | Slain by a death scarab (9 damage)
                  | ... summoned by a royal mummy
 49747 | Tomb:1   | Killed a royal mummy
 49763 | Tomb:1   | Noticed a royal mummy
 49764 | Tomb:1   | Noticed a royal mummy
 49768 | Tomb:1   | HP: 10/208 [emperor scorpion[a royal mummy] (2)]
 49768 | Tomb:1   | HP: 4/208 [emperor scorpion[a royal mummy] (4)]
 49769 | Tomb:1   | Killed by divine providence
                  | ... invoked by a royal mummy
                  | (15 damage)
 49777 | Tomb:1   | Killed a royal mummy
 49779 | Tomb:1   | Noticed a royal mummy
 49784 | Tomb:1   | Killed a royal mummy
 49786 | Tomb:1   | Noticed a royal mummy
 49787 | Tomb:1   | HP: 3/208 [royal mummy/divine providence (10)]
 49792 | Tomb:1   | HP: 5/208 [??? (1)]
 49794 | Tomb:1   | Noticed a royal mummy
 49796 | Tomb:1   | Killed by divine providence
                  | ... invoked by a royal mummy
                  | (8 damage)
 49819 | Tomb:1   | Killed a royal mummy
 49832 | Tomb:1   | Killed a royal mummy
 49832 | Tomb:1   | HP: 8/208 [torment (3)]
 49832 | Tomb:1   | Noticed a royal mummy
 49837 | Tomb:1   | Slain by an emperor scorpion (12 damage)
                  | ... summoned by a royal mummy
 49846 | Tomb:1   | HP: 4/208 [royal mummy/divine providence (13)]
 49847 | Tomb:1   | HP: 1/208 [poisoned by an emperor scorpion]
 49847 | Tomb:1   | Demolished by an emperor scorpion (20 damage)
                  | ... summoned by a royal mummy
 49857 | Tomb:1   | Killed a royal mummy
 49870 | Tomb:1   | Killed a royal mummy
 49872 | Tomb:1   | Noticed a royal mummy
 49893 | Tomb:1   | Noticed a royal mummy
 49897 | Tomb:1   | HP: 10/208 [emperor scorpion[a royal mummy] (1)]
 49899 | Tomb:1   | HP: 2/208 [poisoned by an emperor scorpion]
 49899 | Tomb:1   | Slain by an emperor scorpion (3 damage)
                  | ... summoned by a royal mummy
 49909 | Tomb:1   | HP: 8/208 [emperor scorpion[a royal mummy] (15)]
 49910 | Tomb:1   | Succumbed to an emperor scorpion's poison
 49920 | Tomb:1   | HP: 8/208 [emperor scorpion[a royal mummy] (17)]
 49922 | Tomb:1   | HP: 2/208 [poisoned by an emperor scorpion]
 49923 | Tomb:1   | Succumbed to an emperor scorpion's poison
 49929 | Tomb:1   | HP: 10/208 [poisoned by an emperor scorpion]
 49930 | Tomb:1   | HP: 2/208 [poisoned by an emperor scorpion]
 49931 | Tomb:1   | Succumbed to an emperor scorpion's poison
 49936 | Tomb:1   | Killed a royal mummy
 49953 | Tomb:1   | HP: 5/208 [death scarab[a royal mummy] (12)]
 49954 | Tomb:1   | Slain by a death scarab (9 damage)
                  | ... summoned by a royal mummy
 49955 | Tomb:1   | Killed a royal mummy
 49956 | Tomb:1   | Reached XP level 26. HP: 207/216 MP: 1/20
 49973 | Tomb:1   | Noticed a royal mummy
 49987 | Tomb:1   | Killed a royal mummy
 50372 | Tomb:1   | Noticed a royal mummy
 50391 | Tomb:1   | Killed a royal mummy
 50592 | Tomb:1   | Noticed a royal mummy
 50603 | Tomb:1   | Killed a royal mummy
 51088 | Tomb:1   | Noticed a royal mummy
 51149 | Tomb:1   | HP: 9/216 [poisoned by an emperor scorpion]
 51151 | Tomb:1   | Slain by an emperor scorpion (7 damage)
                  | ... summoned by a royal mummy
 51167 | Tomb:1   | HP: 7/216 [emperor scorpion[a royal mummy] (18)]
 51167 | Tomb:1   | Mangled by a royal mummy (15 damage)
 51175 | Tomb:1   | Killed a royal mummy
 51615 | Tomb:2   | HP: 10/216 [death scarab (10)]
 51615 | Tomb:2   | Slain by a death scarab (14 damage)
 51926 | Tomb:3   | Entered Level 3 of the Tomb of the Ancients
 51943 | Tomb:3   | Noticed a royal mummy
 51943 | Tomb:3   | Noticed a royal mummy
 51944 | Tomb:3   | Noticed a royal mummy
 51944 | Tomb:3   | Gained mutation: Your body sometimes deteriorates upon
                  | taking damage. [mutagenic glow]
 51952 | Tomb:3   | HP: 6/217 [something (7)]
 51953 | Tomb:3   | HP: 2/217 [royal mummy/divine providence (4)]
 51954 | Tomb:3   | Mangled by a guardian mummy (9 damage)
 51963 | Tomb:3   | Gained mutation: You are vulnerable to cold. (rC-)
                  | [mutagenic glow]
 51964 | Tomb:3   | Noticed a royal mummy
 51964 | Tomb:3   | HP: 9/217 [jiangshi[a mummy priest] (3)]
 51964 | Tomb:3   | HP: 2/217 [death scarab (7)]
 51964 | Tomb:3   | Slain by a death scarab (4 damage)
                  | ... while petrified
 51965 | Tomb:3   | Noticed a royal mummy
 51967 | Tomb:3   | Slain by a death scarab (17 damage)
 51970 | Tomb:3   | Killed a royal mummy
 51970 | Tomb:3   | HP: 10/213 [spore (5)]
 51971 | Tomb:3   | HP: 4/217 [bennu (1)]
 51972 | Tomb:3   | Engulfed by a cloud of flame (4 damage)
 51983 | Tomb:3   | HP: 10/212 [bennu (13)]
 51984 | Tomb:3   | Slain by a bennu (8 damage)
 51991 | Tomb:3   | Gained mutation: You are dopey. (Int -2) [mutagenic glow]
 51993 | Tomb:3   | Killed a royal mummy
 51997 | Tomb:3   | HP: 10/213 [spore (9)]
 52000 | Tomb:3   | HP: 1/213 [bennu (10)]
 52000 | Tomb:3   | Demolished by a bennu (15 damage)
 52010 | Tomb:3   | Noticed a royal mummy
 52019 | Tomb:3   | HP: 10/207 [bennu (10)]
 52019 | Tomb:3   | Slain by a bennu (12 damage)
 52021 | Tomb:3   | Killed a royal mummy
 52022 | Tomb:3   | Lost mutation: Your body sometimes deteriorates upon taking
                  | damage. [mutagenic glow]
 52026 | Tomb:3   | Noticed Khufu
 52026 | Tomb:3   | Noticed a royal mummy
 52026 | Tomb:3   | HP: 8/207 [??? (4)]
 52026 | Tomb:3   | Slain by a flying skull (9 damage)
                  | ... summoned by a mummy priest
 52035 | Tomb:3   | Noticed a royal mummy
 52040 | Tomb:3   | Killed a royal mummy
 52041 | Tomb:3   | HP: 8/213 [bennu (6)]
 52041 | Tomb:3   | HP: 3/213 [skeletal warrior/+0 dire flail of protection
                  | (5)]
 52042 | Tomb:3   | Killed by divine providence
                  | ... invoked by a royal mummy
                  | (14 damage)
 52053 | Tomb:3   | Killed a royal mummy
 52059 | Tomb:3   | HP: 10/218 [cloud of flame (2)]
 52060 | Tomb:3   | HP: 2/218 [emperor scorpion[a royal mummy] (3)]
 52061 | Tomb:3   | Mangled by an emperor scorpion (9 damage)
                  | ... summoned by a royal mummy
 52070 | Tomb:3   | HP: 2/218 [bennu (15)]
 52071 | Tomb:3   | Demolished by a death scarab (18 damage)
                  | ... summoned by a royal mummy
 52080 | Tomb:3   | HP: 9/218 [death scarab[Khufu] (20)]
 52080 | Tomb:3   | HP: 2/218 [phantasmal warrior[a mummy priest] (7)]
 52082 | Tomb:3   | Slain by a death scarab (5 damage)
                  | ... summoned by a royal mummy
 52085 | Tomb:3   | HP: 10/218 [spore (2)]
 52086 | Tomb:3   | HP: 4/218 [cloud of flame (2)]
 52087 | Tomb:3   | Killed by divine providence
                  | ... invoked by a mummy priest
                  | (11 damage)
 52095 | Tomb:3   | Killed a royal mummy
 52095 | Tomb:3   | HP: 10/218 [cloud of flame (2)]
 52096 | Tomb:3   | Killed a royal mummy
 52097 | Tomb:3   | Killed by divine providence
                  | ... invoked by a mummy priest
                  | (11 damage)
 52107 | Tomb:3   | Reached skill level 27 in Shields
 52114 | Tomb:3   | HP: 8/203 [??? (3)]
 52115 | Tomb:3   | Slain by an emperor scorpion (9 damage)
                  | ... summoned by a royal mummy
 52127 | Tomb:3   | HP: 9/204 [poisoned by an emperor scorpion]
 52127 | Tomb:3   | Slain by a bennu (11 damage)
 52134 | Tomb:3   | HP: 5/204 [spore (6)]
 52134 | Tomb:3   | HP: 1/204 [spore (4)]
 52134 | Tomb:3   | Killed by an exploding emperor scorpion (6 damage)
                  | ... ignited by their inner flame
 52134 | Tomb:3   | Killed a royal mummy
 52142 | Tomb:3   | HP: 6/205 [bennu (6)]
 52145 | Tomb:3   | HP: 2/205 [poisoned by an emperor scorpion]
 52146 | Tomb:3   | Killed by an exploding bennu (9 damage)
                  | ... ignited by themself
 52154 | Tomb:3   | HP: 9/199 [emperor scorpion[Khufu] (10)]
 52154 | Tomb:3   | HP: 4/199 [bennu (5)]
 52154 | Tomb:3   | Mangled by a death scarab (17 damage)
                  | ... summoned by Khufu
 52155 | Tomb:3   | Killed Khufu
 52156 | Tomb:3   | Reached XP level 27. HP: 171/213 MP: 0/20
 52707 | Tomb:3   | Gained mutation: You occasionally lose the ability to read
                  | scrolls when taking damage. [mutagenic glow]
 52723 | Tomb:3   | Gained mutation: You are frail. (-10% HP) [mutagenic glow]
 52733 | Tomb:3   | Lost mutation: You occasionally lose the ability to read
                  | scrolls when taking damage. [mutagenic glow]
 52841 | Tomb:3   | Got a golden rune of Zot
 52909 | Tomb:3   | Identified the +1 great sword "Acarinebane" {spect, Fragile
                  | rC+ Str+2}
 52914 | Tomb:3   | Identified the ring of Ecrock {rCorr Int+6}
 52925 | Tomb:3   | Identified the ring of Upsuados {Will+ rCorr}
 52933 | Tomb:3   | Got the Cyclopedia of Companions and the Atmosphere
 52938 | Tomb:3   | Identified the +8 mace "Death Rattle" {venom, Contam rPois
                  | rN+ Int+3}
 53136 | Tomb:3   | Identified the ring "Uhoiv" {rC- MP+9 Int+3 SInv}
 53655 | Depths:1 | Entered Level 1 of the Depths
 53691 | Depths:1 | Reached skill level 15 in Staves
 53758 | Depths:1 | HP: 4/197 [fire dragon (7)]
 53770 | Depths:1 | HP: 7/199 [rakshasa/+0 trident (2)]
 53772 | Depths:1 | HP: 3/200 [deep troll (3)]
 54344 | Depths:1 | Found Irhiowk's Antique Weapon Emporium.
 54427 | Depths:1 | Found Acej's Distillery.
 54429 | Depths:1 | Found Hoew's Antique Weapon Emporium.
 54429 | Depths:1 | Found Qoehetaj's General Store.
 54442 | Depths:1 | Found Sudyin's Antique Weapon Emporium.
 54554 | Depths:1 | Found a white marble altar of Elyvilon.
 54702 | Depths:1 | Found a stormy altar of Qazlal.
 54773 | Depths:1 | Found a gateway to Hell.
 55207 | Depths:2 | Noticed a dread lich
 55234 | Depths:2 | Killed a dread lich
 55354 | Depths:2 | Identified the +0 falchion of the Gloaming {speed, rN+
                  | rCorr}
 55676 | Depths:2 | Identified the +6 great mace of Favu {freeze, Fly Str+3
                  | Int+4}
 55678 | Depths:2 | Found a one-way gate to the infinite horrors of the Abyss.
 55763 | Depths:2 | Found a one-way gate leading to the halls of Pandemonium.
 55798 | Depths:2 | Found a one-way gateway to a ziggurat.
 56620 | Depths:3 | Identified the +2 storm dragon scales "Ufosanos" {rElec
                  | Int+5}
 57047 | Depths:3 | Noticed a juggernaut
 57058 | Depths:3 | Identified the +3 dire flail of the Dark Horse {freeze,
                  | rC+}
 57062 | Depths:3 | Killed a juggernaut
 57063 | Depths:3 | Identified the staff of death "Sehem" {+Blink rN+ Str-4
                  | Dex+6}
 57371 | Depths:3 | Identified the +8 spear of Earthquakes {speed, rCorr Str+6
                  | Int-2 Dex+3}
 57499 | Depths:3 | Noticed Louise
 57509 | Depths:3 | Killed Louise
 57581 | Depths:4 | Entered Level 4 of the Depths
 57729 | Depths:4 | Found a glowing silver altar of Zin.
 57877 | Depths:2 | Noticed Boris
 57885 | Depths:2 | Killed Boris
 58335 | Zig:1    | Entered Level 1 of a ziggurat
 58348 | Zig:2    | Entered Level 2 of a ziggurat
 58366 | Zig:3    | Entered Level 3 of a ziggurat
 58384 | Zig:4    | Entered Level 4 of a ziggurat
 58422 | Zig:4    | Identified the +6 war axe of Udodas {drain, rN+ Str+6 SInv}
 58426 | Zig:5    | Entered Level 5 of a ziggurat
 58426 | Zig:5    | Found the brooch of Shielding {Spirit SH+8}
 58484 | Zig:5    | Identified the staff of death "Ixau" {rC+ rN+ Stlth+}
 58493 | Zig:6    | Entered Level 6 of a ziggurat
 58751 | Zig:7    | Entered Level 7 of a ziggurat
 59338 | Zig:7    | Identified the ring "Arefuaffu" {Int+3 Slay+4}
 59352 | Zig:7    | Got the Encyclopedia of the Beekeeper
 59355 | Zig:8    | Entered Level 8 of a ziggurat
 59779 | Zig:8    | Identified the staff of fire "Beor" {rElec rF+}
 59783 | Zig:9    | Entered Level 9 of a ziggurat
 60039 | Zig:9    | Identified the +0 plate armour of Coiwk {rF+}
 60139 | Zig:9    | Identified the amulet of the Seven Spirits {Reflect rPois
                  | rF+ Int-4 SH+5}
 60222 | Zig:9    | Identified the staff of air "Aphomomp" {rElec Int+2 SInv}
 60226 | Zig:10   | Entered Level 10 of a ziggurat
 60239 | Zig:10   | Identified the ring "Zieff" {Fire +Blink rElec Str-5 SInv}
 60571 | Zig:10   | Identified the +0 scale mail of Makhleb's Whim {rCorr}
 60630 | Zig:11   | Entered Level 11 of a ziggurat
 60640 | Zig:11   | Noticed a shard shrike
 60645 | Zig:11   | Slain by a shard shrike (48 damage)
 60652 | Zig:11   | Killed a shard shrike
 60658 | Zig:11   | Identified the +4 plate armour of Mezcal {Harm rElec
                  | Slay-5}
 60919 | Zig:11   | Identified the +0 ring mail "Voisek" {rElec rCorr Str-4
                  | Stlth+}
 60946 | Zig:11   | Identified the +6 great sword of Dyhib {freeze, *Noise
                  | rCorr Stlth+}
 60987 | Zig:12   | Entered Level 12 of a ziggurat
 61374 | Zig:12   | Identified the +5 dire flail of a sewer {flame, rC++}
 61407 | Zig:13   | Entered Level 13 of a ziggurat
 61850 | Zig:13   | Identified the ring of Xejoot {Fire Will+ Stlth+}
 61865 | Zig:14   | Entered Level 14 of a ziggurat
 61875 | Zig:14   | Noticed Umno the pandemonium lord
 61878 | Zig:14   | Killed from afar by Umno the pandemonium lord (35 damage)
                  | ... with an iron shot
 61886 | Zig:14   | HP: 6/209 [blizzard demon/the air (23)]
 61887 | Zig:14   | HP: 2/209 [deep elf high priest/+0 short sword[a demonspawn
                  | corrupter] (5)]
 61892 | Zig:14   | Slain by a hell beast (7 damage)
 61898 | Zig:14   | Killed Umno the pandemonium lord
 62097 | Zig:14   | Identified the ring "Eckon" {rPois rC+ Will+}
 62107 | Zig:14   | Identified the amulet of Gyne {rElec rN+ Regen+ Str+2
                  | Int+2}
 62109 | Zig:14   | Identified the +7 sling of the Desolation of Salt {elec,
                  | rN+ Dex+3}
 62114 | Zig:14   | Identified the staff of earth "Xarchitev" {rC+ rCorr Dex+2}
 62117 | Zig:15   | Entered Level 15 of a ziggurat
 62507 | Zig:15   | Identified the +6 spear of Purpose {freeze, Dex+3}
 62508 | Zig:15   | Identified the amulet "Yryam" {Reflect rElec SH+5 Stlth+}
 62585 | Zig:15   | Identified the staff of death "Vezifi" {rF+ rC+ rN+ Will+
                  | Int+2}
 62597 | Zig:16   | Entered Level 16 of a ziggurat
 62614 | Zig:16   | Reached skill level 15 in Maces & Flails
 63014 | Zig:16   | Identified the staff of air "Effycrof" {rElec Int-4 Dex+4
                  | SInv}
 63032 | Zig:16   | Identified the +8 sling of the Piercing Hero {flame, rC+
                  | Str+3}
 63215 | Zig:17   | Entered Level 17 of a ziggurat
 63224 | Zig:17   | Noticed a royal mummy
 63229 | Zig:17   | Noticed a royal mummy
 63229 | Zig:17   | Noticed a royal mummy
 63230 | Zig:17   | Noticed a royal mummy
 63233 | Zig:17   | Killed a royal mummy
 63236 | Zig:17   | Noticed a royal mummy
 63245 | Zig:17   | HP: 4/204 [royal mummy/divine providence (13)]
 63247 | Zig:17   | Killed a royal mummy
 63247 | Zig:17   | HP: 1/205 [storm dragon zombie (3)]
 63249 | Zig:17   | Killed by a guardian mummy's death curse (12 damage)
 63267 | Zig:17   | Killed a royal mummy
 63268 | Zig:17   | Killed a royal mummy
 63268 | Zig:17   | HP: 10/213 [torment (5)]
 63270 | Zig:17   | Killed a royal mummy
 63275 | Zig:17   | HP: 6/213 [something (7)]
 63738 | Zig:17   | Identified the +9 spear of the Poles {freeze, rN+++ Dex+8
                  | Stlth-}
 63754 | Zig:17   | Identified the staff of conjuration "Qaamey Kulo" {rPois}
 63766 | Zig:17   | Identified the +11 short sword of the Enchanted Forest
                  | {chaos, rN+ SInv Stlth+}
 63774 | Zig:18   | Entered Level 18 of a ziggurat
 63832 | Zig:18   | Found the +9 sword of Power {lifebolt}
 63921 | Zig:18   | Identified the staff of poison "Onaj" {rPois rCorr MP+9
                  | Str-3}
 64326 | Zig:18   | Identified the ring "Taowy Wa Han" {rPois rF+ rCorr Str-4
                  | Int+2}
 64337 | Zig:18   | Identified the +0 leather armour of Hospitality {Drain
                  | Regen+ Int+4}
 64339 | Zig:18   | Got Came Tae's Directory of Vapourous Oxidation
 64341 | Zig:18   | Got Jati's Quarto of Permutations
 64343 | Zig:18   | Identified the ring "Wirhuiwn" {rElec Will+ Str-4 Int+7
                  | SInv}
 64360 | Zig:19   | Entered Level 19 of a ziggurat
 64394 | Zig:19   | HP: 4/214 [white draconian stormcaller/divine providence
                  | (9)]
 64396 | Zig:19   | Killed by divine providence
                  | ... invoked by a white draconian stormcaller
                  | (11 damage)
 64419 | Zig:19   | HP: 10/214 [yellow draconian annihilator/bolt of lightning
                  | (12)]
 64419 | Zig:19   | Killed from afar by a yellow draconian annihilator (18
                  | damage)
                  | ... with a poison arrow
 65069 | Zig:19   | Identified the +2 pearl dragon scales of Midnight {*Slow
                  | +Inv rN+ MP+9 Dex+3}
 65074 | Zig:19   | Identified the +7 sling "Ista" {heavy, rPois rCorr Int-2
                  | Stlth+}
 65087 | Zig:19   | Identified the +4 long sword "Apoc" {freeze, *Slow rElec
                  | rC+}
 65102 | Zig:20   | Entered Level 20 of a ziggurat
 65132 | Zig:20   | Identified the +2 tower shield of Polish {rCorr Str-4
                  | Dex+2}
 65135 | Zig:20   | Reached skill level 15 in Long Blades
 65138 | Zig:20   | HP: 2/215 [angel/+2 sacred scourge of holy wrath (11)]
 65139 | Zig:20   | Killed by divine providence
                  | ... invoked by a daeva
                  | (7 damage)
 65142 | Zig:20   | Reached skill level 15 in Evocations
 65150 | Zig:20   | HP: 8/216 [daeva/divine providence (12)]
 65150 | Zig:20   | Killed by divine providence
                  | ... invoked by a daeva
                  | (15 damage)
 65171 | Zig:20   | Found the +3 salamander hide armour {Flames, rFlCloud rF++
                  | rC--}
 65171 | Zig:20   | Found the +3 greatsling "Punk" {acid, rCorr}
 65665 | Zig:20   | Identified the +11 bardiche "Bedolaki" {freeze, *Corrode
                  | rC+ rN++ Will+}
 65680 | Zig:20   | Got Teisso's Grimoire of Impulse
 65689 | Zig:21   | Entered Level 21 of a ziggurat
 65749 | Zig:21   | HP: 10/216 [deep elf blademaster/+0 rapier (4)]
 65750 | Zig:21   | HP: 2/216 [deep elf blademaster/+0 rapier (5)]
 66347 | Zig:21   | Identified the staff of air "Coivaadi" {rElec Str+3 Int+5}
 66348 | Zig:21   | Identified the +2 acid dragon scales of Paranoia {-Tele
                  | rPois rCorr Str-4 Int+6}
 66370 | Zig:22   | Entered Level 22 of a ziggurat
 66387 | Zig:22   | Reached skill level 1 in Stealth
 66388 | Zig:22   | Gained mutation: Your body sometimes deteriorates upon
                  | taking damage. [a shining eye]
 66395 | Zig:22   | HP: 10/216 [azure jelly (2)]
 66395 | Zig:22   | Annihilated by an azure jelly (64 damage)
 66396 | Zig:22   | Reached skill level 5 in Stealth
 66398 | Zig:22   | Gained mutation: Your body often deteriorates upon taking
                  | damage. [a shining eye]
 66418 | Zig:22   | HP: 8/216 [rockslime (25)]
 66419 | Zig:22   | Killed from afar by an acid blob (7 damage)
                  | ... with a splash of acid
 66445 | Zig:22   | Reached skill level 10 in Stealth
 67267 | Zig:22   | Found the +8 trishula "Condemnation" {holy, anguish, *Noise
                  | Fly rN+}
 67276 | Zig:22   | Identified the staff of fire "Atheeroh" {Fragile rF+ Str+6
                  | Stlth-}
 67283 | Zig:22   | Identified the +4 battleaxe of Duygide {heavy, rN+ Will+
                  | Str-3 Int+4}
 67284 | Zig:22   | Identified the +12 trident "Killer Klown's Death" {flame,
                  | Will+ Str+3}
 67292 | Zig:22   | Identified the +9 shadow dragon scales of Foolhardiness
                  | {Str+3 Stlth++++}
 67315 | Zig:22   | Identified the staff of conjuration "Todoosyha" {Drain
                  | rPois rCorr}
 67328 | Zig:23   | Entered Level 23 of a ziggurat
 67342 | Zig:23   | Noticed a dread lich
 67347 | Zig:23   | Noticed an ancient lich
 67348 | Zig:23   | Noticed a dread lich
 67350 | Zig:23   | Noticed an ancient lich
 67353 | Zig:23   | Killed a dread lich
 67358 | Zig:23   | Mangled by a reaper
                  | ... wielding a +1 scythe of protection
                  | (26 damage)
 67360 | Zig:23   | Killed an ancient lich
 67360 | Zig:23   | Killed an ancient lich
 67382 | Zig:23   | Killed a dread lich
 67383 | Zig:23   | Reached skill level 15 in Stealth
 67400 | Zig:23   | HP: 10/216 [revenant] (4)]
 67401 | Zig:23   | HP: 4/216 [revenant] (6)]
 67401 | Zig:23   | Killed from afar by an eidolon (7 damage)
                  | ... with a bolt of negative energy
 67743 | Zig:23   | Identified the +9 great sword "Unlonad" {distort, Str+6
                  | Dex-3}
 67747 | Zig:23   | Identified the +0 morningstar "Z" {heavy, rPois Dex+3}
 67761 | Zig:23   | Identified the ring of the Median {rElec rN++ Str+6 Int-5
                  | SInv}
 67766 | Zig:23   | Identified the amulet of Waerom {RegenMP Slay+3}
 67806 | Zig:24   | Entered Level 24 of a ziggurat
 67833 | Zig:24   | Found the necklace of Bloodlust {Fury *Rage Will++ Int-3
                  | Slay+6}
 67839 | Zig:24   | HP: 9/216 [cloud of flame (4)]
 67843 | Zig:24   | HP: 3/216 [spore (4)]
 67843 | Zig:24   | Killed by divine providence
                  | ... invoked by a smoke demon
                  | (9 damage)
 67844 | Zig:24   | Found the +11 Singing Sword {sonic wave}
 68260 | Zig:24   | Identified the ring "Guclihan" {rF- rC++ Will+ Int+4}
 68628 | Zig:24   | Identified the amulet of the Last Princes {Reflect rN++
                  | Regen+ Str-3 Dex+2 SH+5}
 68635 | Zig:24   | Identified the staff of conjuration "Nademi" {Int+5 SInv
                  | Stlth-}
 68636 | Zig:24   | Identified the amulet of Nufumo {Reflect rN+ SH+5}
 68649 | Zig:24   | Identified the staff of conjuration "Rafah" {rPois}
 68653 | Zig:24   | Got The Basics of the Hidden Truths
 68667 | Zig:25   | Entered Level 25 of a ziggurat
 68709 | Zig:25   | HP: 9/216 [azure jelly (8)]
 68709 | Zig:25   | Annihilated by an azure jelly (36 damage)
 69340 | Zig:25   | Found the ring of Shadows {Umbra +Inv Stlth+}
 69380 | Zig:25   | Identified the +7 war axe of Balance {venom, rPois}
 69383 | Zig:25   | Identified the +4 mace of the Scorpion {heavy, Dex+2}
 69391 | Zig:25   | Identified the +10 plate armour "Beoceaps" {*Slow rElec
                  | rCorr}
 69399 | Zig:25   | Identified the staff of cold "Ohygh" {rC+ rN+ Will+}
 69408 | Zig:25   | Identified the +7 chain mail of the Guardian {Dex+3}
 69453 | Zig:26   | Entered Level 26 of a ziggurat
 69475 | Zig:26   | Gained mutation: You occasionally lose the ability to drink
                  | potions when taking damage. [a shining eye]
 69493 | Zig:26   | HP: 9/216 [disintegration (26)]
 69493 | Zig:26   | HP: 3/216 [eye of devastation (6)]
 69494 | Zig:26   | Engulfed by a cloud of flame (4 damage)
 69495 | Zig:26   | Lost mutation: Your magical capacity is low. (-10% MP) [a
                  | shining eye]
 69500 | Zig:26   | Found the +8 mithril axe "Arga" {speed, Will+}
 70007 | Zig:26   | Identified the staff of poison "Piwoap" {rPois Str+3}
 70014 | Zig:26   | Identified the +8 mace of the Evil Eye {drain, Will+ Str+3
                  | Dex-4}
 70024 | Zig:26   | Got the Tractate on Conflagration
 70056 | Zig:26   | Identified the +1 mace of Tortfeasance {protect, Contam
                  | rPois Int+2}
 70060 | Zig:27   | Entered Level 27 of a ziggurat
 70111 | Zig:27   | HP: 9/216 [spore (3)]
 70111 | Zig:27   | HP: 4/216 [constriction (4)]
 70114 | Zig:27   | Engulfed by a cloud of flame (4 damage)
 70141 | Zig:27   | HP: 8/216 [green death/poison arrow (12)]
 70143 | Zig:27   | HP: 3/216 [poisoned by a green death (poison arrow)]
 70144 | Zig:27   | HP: 1/216 [poisoned by a green death (poison arrow)]
 70145 | Zig:27   | Succumbed to a green death's poison arrow
 70929 | Zig:27   | Found the +11 plutonium sword {Contam Stlth-}
 70949 | Zig:27   | Identified the +8 battleaxe of Kocugryz {distort, +Blink
                  | rN+}
 70961 | Zig:27   | Identified the +6 shortbow of the Magic Mushroom
                  | {antimagic, rF- Str+3 Dex+2}
 70966 | Zig:27   | Identified the staff of cold "Bupookk" {*Slow rPois rC+ rN+
                  | Will+}
 70974 | Zig:27   | Got the Spellbook of Misery
 71056 | Hell     | Entered the Vestibule of Hell
 71056 | Hell     | Noticed Geryon
 71075 | Hell     | Killed Geryon
 71106 | Hell     | HP: 9/216 [hell knight/+2 scimitar of flaming (3)]
 71107 | Hell     | HP: 1/216 [hell knight/+2 scimitar of flaming (6)]
 71108 | Hell     | Killed from afar by a hell hound (1 damage)
                  | ... with a blast of flame
 71162 | Hell     | HP: 1/216 [smoke demon/divine providence (12)]
 71163 | Hell     | Mangled by a sun demon (13 damage)
 71185 | Hell     | HP: 8/216 [harpy zombie[a necromancer] (5)]
 71186 | Hell     | Mangled by a bunyip zombie (17 damage)
                  | ... led by a necromancer
 71264 | Hell     | Found a gateway to the decaying netherworld of Tartarus.
 71544 | Hell     | Found a gateway to the freezing wastes of Cocytus.
 71748 | Hell     | Found a gateway to the ashen valley of Gehenna.
 71790 | Tar:1    | Entered Level 1 of Tartarus
 73161 | Tar:4    | Reached skill level 27 in Stealth
 74019 | Tar:5    | HP: 10/216 [poisoned by a tainted leviathan (dark miasma)]
 74029 | Tar:5    | HP: 10/216 [tainted leviathan] (1)]
 74042 | Tar:6    | HP: 10/216 [poisoned by a tainted leviathan (dark miasma)]
 74043 | Tar:6    | HP: 4/216 [poisoned by a tainted leviathan (dark miasma)]
 74044 | Tar:6    | Succumbed to a tainted leviathan's dark miasma
 74092 | Tar:6    | HP: 8/216 [poisoned by a tainted leviathan (dark miasma)]
 74093 | Tar:6    | HP: 3/216 [poisoned by a tainted leviathan (dark miasma)]
 74094 | Tar:6    | Succumbed to a tainted leviathan's dark miasma
 74123 | Tar:6    | HP: 10/216 [tainted leviathan] (6)]
 74129 | Tar:6    | HP: 10/216 [tainted leviathan] (2)]
 74134 | Tar:6    | HP: 7/216 [tainted leviathan] (6)]
 74147 | Tar:6    | HP: 8/216 [tainted leviathan] (6)]
 74157 | Tar:6    | HP: 8/216 [tainted leviathan] (6)]
 74159 | Tar:6    | HP: 2/216 [poisoned by a tainted leviathan (dark miasma)]
 74160 | Tar:6    | Succumbed to a tainted leviathan's dark miasma
 74215 | Tar:6    | HP: 9/216 [poisoned by a tainted leviathan (dark miasma)]
 74217 | Tar:6    | HP: 3/216 [tainted leviathan] (2)]
 74217 | Tar:6    | Succumbed to a tainted leviathan's dark miasma
 74281 | Tar:6    | HP: 9/216 [poisoned by a tainted leviathan (dark miasma)]
 74282 | Tar:6    | HP: 3/216 [poisoned by a tainted leviathan (dark miasma)]
 74283 | Tar:6    | Succumbed to a tainted leviathan's dark miasma
 74300 | Tar:7    | Entered Level 7 of Tartarus
 74387 | Tar:7    | HP: 9/216 [tainted leviathan] (6)]
 74392 | Tar:7    | Slain by a bone dragon (12 damage)
 74427 | Tar:7    | HP: 9/216 [poisoned by a tainted leviathan (dark miasma)]
 74429 | Tar:7    | HP: 4/216 [tainted leviathan] (4)]
 74429 | Tar:7    | HP: 1/216 [poisoned by a tainted leviathan (dark miasma)]
 74431 | Tar:7    | Engulfed by a tainted leviathan's foul pestilence (8
                  | damage)
 74463 | Tar:7    | Noticed Ereshkigal
 74468 | Tar:7    | HP: 9/216 [tainted leviathan] (5)]
 74469 | Tar:7    | HP: 2/216 [tainted leviathan] (3)]
 74469 | Tar:7    | Succumbed to a tainted leviathan's dark miasma
 74475 | Tar:7    | HP: 2/214 [Ereshkigal (16)]
 74475 | Tar:7    | Slain by Ereshkigal (3 damage)
 74485 | Tar:7    | Killed Ereshkigal
 74499 | Tar:7    | HP: 10/216 [tainted leviathan] (5)]
 74499 | Tar:7    | HP: 3/216 [poisoned by a tainted leviathan (dark miasma)]
 74500 | Tar:7    | Succumbed to a tainted leviathan's dark miasma
 74538 | Tar:7    | HP: 6/216 [putrid mouth][a doom hound] (6)]
 74542 | Tar:7    | Engulfed by a tainted leviathan's foul pestilence (6
                  | damage)
 74630 | Tar:7    | HP: 10/216 [poisoned by a tainted leviathan (dark miasma)]
 74631 | Tar:7    | HP: 1/216 [poisoned by a tainted leviathan (dark miasma)]
 74632 | Tar:7    | Succumbed to a tainted leviathan's dark miasma
 74780 | Tar:7    | HP: 10/216 [poison (dark miasma)]
 74782 | Tar:7    | HP: 2/216 [poison (dark miasma)]
 74783 | Tar:7    | Succumbed to poison (dark miasma)
 74801 | Tar:7    | Identified the +9 quarterstaff of Korch {freeze, Int+4}
 74825 | Tar:7    | Found the +27 heavy crossbow "Sniper" {heavy, Acc+∞ SInv}
 74826 | Tar:7    | Noticed an ancient lich
 74827 | Tar:7    | Noticed a dread lich
 74832 | Tar:7    | Killed an ancient lich
 74832 | Tar:7    | Killed a dread lich
 74848 | Tar:7    | Identified the staff of earth "Ytic" {rF++ rC+}
 74877 | Tar:7    | Reached skill level 1 in Ranged Weapons
 74912 | Tar:7    | Identified the staff of conjuration "Roapn" {rElec}
 75241 | Tar:7    | Reached skill level 5 in Ranged Weapons
 75904 | Tar:7    | Found the +6 Majin-Bo {spellvamp, MP+6 Int+6}
 75905 | Tar:7    | Noticed an ancient lich
 75907 | Tar:7    | Noticed a dread lich
 75922 | Tar:7    | Killed an ancient lich
 75924 | Tar:7    | Killed a dread lich
 75976 | Tar:7    | Identified the +8 long sword of Action {venom, Str+3 Dex+2}
 75977 | Tar:7    | Identified the +8 quarterstaff of Untimely Demise {protect,
                  | rElec rPois Dex+2 SInv}
 76064 | Tar:7    | Got a bone rune of Zot
 76677 | Hell     | Found a gateway to the Iron City of Dis.
 76784 | Geh:1    | Entered Level 1 of Gehenna
 76814 | Geh:1    | HP: 4/216 [Brimstone Fiend (12)]
 76816 | Geh:1    | Killed from afar by a fire giant (4 damage)
                  | ... with a bolt of fire
 77570 | Geh:2    | Reached skill level 10 in Ranged Weapons
 77806 | Geh:3    | Killed from afar by a hellion (30 damage)
                  | ... with damnation
 77844 | Geh:3    | HP: 9/216 [hellion/damnation (18)]
 77845 | Geh:3    | Killed from afar by a hellion (34 damage)
                  | ... with damnation
 77878 | Geh:3    | HP: 8/216 [hellion/damnation (11)]
 77878 | Geh:3    | Killed from afar by a hellion (20 damage)
                  | ... with damnation
 80497 | Geh:7    | Entered Level 7 of Gehenna
 80627 | Geh:7    | Reached skill level 15 in Ranged Weapons
 81259 | Geh:7    | HP: 9/216 [tempered metal wall collision (10)]
 81260 | Geh:7    | Killed from afar by a hellephant (12 damage)
                  | ... with a blast of flame
 81712 | Geh:7    | Identified the ring of Qiec {Str+8 Int+6}
 81793 | Geh:7    | Identified the +2 chain mail "Xuitaw" {+Blink rN+ Int+3}
 81795 | Geh:7    | Identified the amulet "Vymuf" {Reflect MP+9 Int+2 Dex-5
                  | SH+5}
 82195 | Geh:7    | Identified the +7 battleaxe of Valour {venom, Dex+2}
 82218 | Geh:7    | Found the +13 sceptre of Asmodeus
 82218 | Geh:7    | Noticed Asmodeus
 82236 | Geh:7    | HP: 10/216 [Asmodeus/the +13 sceptre of Asmodeus (2)]
 82237 | Geh:7    | Killed Asmodeus
 82695 | Geh:7    | Got an obsidian rune of Zot
 82708 | Geh:7    | Identified the +8 glaive "Vafuen" {heavy, Drain rF++ Int+3}
 82715 | Geh:7    | Identified the +3 flail "Aciyteif" {venom, rElec Will+
                  | Dex+3}
 82748 | Geh:7    | Identified the +4 dagger of the Spheres {drain, Drain Int+3
                  | SInv}
 82751 | Geh:7    | Identified the +2 helmet of Impressiveness {Rampage rF+}
 83079 | Coc:1    | Entered Level 1 of Cocytus
 83112 | Coc:1    | Noticed a shard shrike
 83113 | Coc:1    | Noticed a shard shrike
 83114 | Coc:1    | Noticed a shard shrike
 83119 | Coc:1    | Killed from afar by a shard shrike (53 damage)
                  | ... with a shard of ice
 83121 | Coc:1    | Killed a shard shrike
 83129 | Coc:1    | Killed a shard shrike
 83130 | Coc:1    | Annihilated by a shard shrike (59 damage)
 83156 | Coc:1    | HP: 10/216 [shard shrike (32)]
 83156 | Coc:1    | HP: 4/216 [shard shrike (6)]
 83156 | Coc:1    | Annihilated by a shard shrike (54 damage)
 83915 | Elf:1    | Entered Level 1 of the Elven Halls
 85094 | Elf:1    | Found Metsyenn's Antique Weapon Emporium.
 85276 | Elf:1    | Found the +12 pair of quick blades "Gyre" and "Gimble"
                  | {protect}
 85346 | Elf:2    | Found Fasibyl's Antique Armour Emporium.
 85346 | Elf:2    | Found an ancient bone altar of Kikubaaqudgha.
 85400 | Elf:2    | Found Mug Wu Jyad's Weapon Emporium.
 85646 | Elf:2    | Found Wevac's Overcharged Wands.
 85738 | Elf:2    | Found Inteluif's Distillery.
 85789 | Elf:2    | Found Bynad's Magic Scroll Boutique.
 85879 | Elf:2    | Found a runed translucent gate.
 85880 | Elf:2    | Found a runed translucent gate.
 85880 | Elf:2    | Found a runed translucent gate.
 86482 | Elf:3    | Entered Level 3 of the Elven Halls
 86759 | Elf:3    | Identified the +6 trident "Billomov" {speed, rC+}
 86970 | Elf:3    | Found an ancient bone altar of Kikubaaqudgha.
 87157 | Abyss:3  | Cast into level 3 of the Abyss (a deep elf sorcerer)
 87249 | Elf:3    | Escaped the Abyss
 87289 | Elf:3    | HP: 10/216 [poisoned by a deep elf annihilator (poison
                  | arrow)]
 87728 | Elf:3    | Identified the +8 lajatang of Melee {drain, rCorr Dex-4
                  | SInv}
 87826 | Elf:3    | Identified the ring "Paheburgh" {rF+ AC+4 Dex+2}
 87935 | Elf:3    | Found the +4 Cigotuvi's embrace {Corpsefed rMiasma Drain
                  | rN+}
 88000 | Elf:3    | Identified the +0 scale mail "Yralus" {+Inv rF+ Str+2
                  | Int+2}
 88691 | Depths:4 | Found Zopniq's Weapon Emporium.
 88725 | Depths:4 | Reached skill level 1 in Polearms
 88732 | Depths:4 | Found a gate to the Realm of Zot.
 88931 | Zot:1    | Entered Level 1 of the Realm of Zot
 89982 | Zot:2    | Found the +4 dragonskin cloak
 89982 | Zot:2    | Noticed Tiamat
 89996 | Zot:2    | HP: 9/217 [Tiamat/+0 antimagic demon trident (12)]
 89996 | Zot:2    | HP: 4/217 [green draconian/blast of poison[Tiamat] (5)]
 89997 | Zot:2    | Killed Tiamat
 90002 | Zot:2    | HP: 6/217 [red draconian/searing blast[Tiamat] (1)]
 90007 | Zot:2    | Killed from afar by a red draconian scorcher (32 damage)
                  | ... with damnation
                  | ... led by Tiamat
 90022 | Zot:2    | HP: 6/217 [death drake][Tiamat] (7)]
 90022 | Zot:2    | Succumbed to a death drake's dark miasma
 91240 | Zot:2    | Identified the +1 chain mail of the Black Moon {rF+ Dex+5
                  | SInv}
 92160 | Zot:3    | Noticed an orb of fire
 92169 | Zot:3    | Reached skill level 5 in Polearms
 92176 | Zot:3    | Gained mutation: You are clumsy. (Dex -2) [an orb of fire]
 92185 | Zot:3    | Gained mutation: Your magical capacity is low. (-10% MP)
                  | [an orb of fire]
 92191 | Zot:3    | Gained mutation: You are partially covered in iridescent
                  | scales. (AC +2) [an orb of fire]
 92209 | Zot:3    | Gained mutation: You sometimes lose the ability to drink
                  | potions when taking damage. [an orb of fire]
 92210 | Zot:3    | Killed an orb of fire
 92290 | Zot:3    | HP: 6/217 [constriction (7)]
 92291 | Zot:3    | HP: 1/217 [constriction (5)]
 92293 | Zot:3    | Constricted to death by a tentacled monstrosity (8 damage)
 92326 | Zot:3    | HP: 3/217 [purple draconian/bolt of dispelling energy[a red
                  | draconian scorcher] (16)]
 92332 | Zot:3    | Upgraded the game from 0.30-a0-1085-g990a428a5c to
                  | 0.30-a0-1094-g860fb061e7
 92337 | Zot:3    | Killed from afar by a white draconian (25 damage)
                  | ... with a blast of cold
                  | ... led by a red draconian scorcher
 92559 | Zot:3    | Found a transporter.
 93213 | Zot:3    | Noticed a Killer Klown
 93227 | Zot:3    | Killed a Killer Klown
 93305 | Zot:3    | Noticed an orb of fire
 93313 | Zot:3    | Killed an orb of fire
 93626 | Zot:3    | Found a transporter.
 93630 | Zot:3    | Found a transporter.
 93630 | Zot:3    | Found a transporter.
 93985 | Zot:4    | HP: 9/217 [yellow draconian/+0 hand axe[a yellow draconian
                  | annihilator] (10)]
 93986 | Zot:4    | Slain by a yellow draconian
                  | ... wielding a +4 mace
                  | ... led by a yellow draconian annihilator
                  | (9 damage)
 94441 | Zot:4    | Reached skill level 10 in Polearms
 95820 | Zot:4    | Noticed an orb of fire
 95840 | Zot:4    | Gained mutation: You do not regenerate when monsters are
                  | visible. [an orb of fire]
 95851 | Zot:4    | Gained mutation: You frequently scream uncontrollably at
                  | your foes. [an orb of fire]
 95858 | Zot:4    | HP: 8/218 [black draconian/+2 scimitar of holy wrath[a
                  | yellow draconian annihilator] (11)]
 95860 | Zot:4    | HP: 2/218 [yellow draconian annihilator/glob of acid (6)]
 95860 | Zot:4    | Killed from afar by a black draconian (22 damage)
                  | ... with a bolt of lightning
                  | ... led by a yellow draconian annihilator
 95873 | Zot:4    | Gained mutation: You are very frail. (-20% HP) [an orb of
                  | fire]
 95875 | Zot:4    | Killed an orb of fire
 96451 | Zot:4    | Noticed a Killer Klown
 96463 | Zot:4    | Killed a Killer Klown
 96535 | Zot:4    | HP: 5/195 [purple draconian shifter/bolt of dispelling
                  | energy[a white draconian stormcaller] (12)]
 96535 | Zot:4    | Killed from afar by a red draconian scorcher (5 damage)
                  | ... with a bolt of magma
                  | ... led by a white draconian stormcaller
 97183 | Zot:5    | Entered Level 5 of the Realm of Zot
 97433 | Zot:5    | Noticed a Killer Klown
 97449 | Zot:5    | Killed a Killer Klown
 97450 | Zot:5    | Reached skill level 27 in Axes
 97504 | Zot:5    | Noticed a Killer Klown
 97519 | Zot:5    | Killed a Killer Klown
 98094 | Zot:5    | Noticed a dread lich
 98101 | Zot:5    | Noticed a dread lich
 98101 | Zot:5    | Noticed a Killer Klown
 98102 | Zot:5    | Noticed an orb of fire
 98110 | Zot:5    | Noticed a Killer Klown
 98112 | Zot:5    | Noticed a Killer Klown
 98113 | Zot:5    | Noticed an orb of fire
 98120 | Zot:5    | Noticed a Killer Klown
 98125 | Zot:5    | Gained mutation: Your spells are a little easier to cast,
                  | but a little less powerful. [an orb of fire]
 98128 | Zot:5    | HP: 7/195 [orb of fire/bolt of fire (6)]
 98129 | Zot:5    | Noticed a Killer Klown
 98130 | Zot:5    | HP: 3/195 [orb of fire/bolt of fire (4)]
 98130 | Zot:5    | Killed from afar by a black draconian knight (12 damage)
                  | ... with a bolt of lightning
                  | ... led by a red draconian scorcher
 98130 | Zot:5    | Noticed a Killer Klown
 98131 | Zot:5    | Gained mutation: Your spells are easier to cast, but less
                  | powerful. [an orb of fire]
 98131 | Zot:5    | Gained mutation: You occasionally lose the ability to read
                  | scrolls when taking damage. [an orb of fire]
 98133 | Zot:5    | Gained mutation: Armour fits poorly on your strangely
                  | shaped body. [an orb of fire]
 98144 | Zot:5    | Killed an orb of fire
 98152 | Zot:5    | Gained mutation: You are extremely frail. (-30% HP) [an orb
                  | of fire]
 98159 | Zot:5    | Noticed an orb of fire
 98170 | Zot:5    | HP: 6/168 [blizzard demon/the air[a dread lich] (7)]
 98173 | Zot:5    | Killed from afar by a black draconian knight (24 damage)
                  | ... with a bolt of lightning
                  | ... led by a red draconian scorcher
 98173 | Zot:5    | Killed a dread lich
 98188 | Zot:5    | Killed an orb of fire
 98188 | Zot:5    | Killed an orb of fire
 98191 | Zot:5    | Killed a dread lich
 98192 | Zot:5    | HP: 5/171 [golden dragon (10)]
 98192 | Zot:5    | Mangled by a tentacled monstrosity (11 damage)
 98194 | Zot:5    | Noticed a Killer Klown
 98194 | Zot:5    | Noticed a Killer Klown
 98195 | Zot:5    | Noticed a Killer Klown
 98216 | Zot:5    | Killed a Killer Klown
 98217 | Zot:5    | Killed a Killer Klown
 98218 | Zot:5    | Killed a Killer Klown
 98218 | Zot:5    | Killed a Killer Klown
 98222 | Zot:5    | HP: 8/171 [death cob (2)]
 98222 | Zot:5    | Mangled by a Killer Klown
                  | ... wielding a +10 club of venom
                  | (17 damage)
 98224 | Zot:5    | Killed a Killer Klown
 98224 | Zot:5    | Killed a Killer Klown
 98225 | Zot:5    | Killed a Killer Klown
 98243 | Zot:5    | Killed a Killer Klown
 98542 | Zot:5    | Noticed a dread lich
 98563 | Zot:5    | Killed a dread lich
 99601 | Zot:5    | Killed a Killer Klown
 99968 | Zot:5    | Got the Orb of Zot
100035 | Zot:5    | Killed from afar by a Hell Sentinel (18 damage)
                  | ... with damnation
100106 | Zot:5    | Noticed Xuitax the pandemonium lord
100120 | Zot:5    | Killed Xuitax the pandemonium lord
100205 | Zot:5    | Killed from afar by a hellion (32 damage)
                  | ... with damnation
100524 | Depths:4 | HP: 7/172 [something (5)]
100524 | Depths:4 | HP: 1/172 [spriggan air mage (4)]
100525 | Depths:4 | Engulfed by a cloud of foul pestilence (1 damage)
100546 | Depths:4 | Reached skill level 27 in Fighting
100637 | Depths:4 | Noticed Siuta the pandemonium lord
100663 | Depths:4 | Killed Siuta the pandemonium lord
100721 | Depths:4 | Noticed Tacloase the pandemonium lord
100728 | Depths:4 | HP: 1/174 [Tacloase the pandemonium lord (16)]
100728 | Depths:4 | Annihilated by Tacloase the pandemonium lord (34 damage)
100732 | Depths:4 | Killed Tacloase the pandemonium lord
100811 | Depths:2 | Noticed Ziucseo the pandemonium lord
100814 | Depths:2 | Killed from afar by Ziucseo the pandemonium lord (91
                  | damage)
                  | ... with an orb of electricity
100817 | Depths:2 | Killed Ziucseo the pandemonium lord
101163 | D:7      | Noticed a seraph
101173 | D:7      | Killed a seraph
101178 | D:7      | Reached skill level 15 in Polearms
101195 | D:7      | HP: 3/174 [reaper/+0 scythe of venom (11)]
101252 | D:7      | HP: 8/174 [Hell Sentinel (17)]
101255 | D:7      | Mangled by a Hell Sentinel (20 damage)
101412 | D:7      | Noticed Niuhut the pandemonium lord
101421 | D:7      | Killed Niuhut the pandemonium lord
101810 | D:7      | Noticed Radiri the pandemonium lord
101817 | D:7      | Killed Radiri the pandemonium lord
101978 | D:7      | Noticed Zynnimn the pandemonium lord
101994 | D:7      | Killed Zynnimn the pandemonium lord
101997 | D:7      | HP: 2/169 [Tzitzimitl/bolt of negative energy (16)]
102187 | D:6      | HP: 6/174 [Hell Sentinel/damnation (20)]
102193 | D:6      | Killed from afar by a Hell Sentinel (27 damage)
                  | ... with damnation
102264 | D:5      | Noticed a seraph
102271 | D:5      | Mangled by a seraph
                  | ... wielding a +3 great sword of flaming
                  | (21 damage)
102272 | D:5      | Killed a seraph
102340 | D:3      | Killed dufus's ghost
102660 | D:1      | Gained mutation: Your magical capacity is very low. (-20%
                  | MP) [a cacodemon]
102935 | D:1      | Killed from afar by a Tzitzimitl (22 damage)
                  | ... with a bolt of negative energy
103155 | D:1      | Noticed Selunees the pandemonium lord
103155 | D:1      | Noticed an ancient lich
103175 | D:1      | Killed an ancient lich
103180 | D:1      | HP: 5/172 [Selunees the pandemonium lord (8)]
103186 | D:1      | Demolished by a reaper
                  | ... wielding a +3 antimagic scythe
                  | (24 damage)
103193 | D:1      | Killed Selunees the pandemonium lord
103317 | D:1      | Annihilated by an acid blob (43 damage)
                  | ... summoned by a demonspawn corrupter
103330 | D:1      | HP: 5/174 [demonspawn warmonger/+2 dire flail of distortion
                  | (19)]
103331 | D:1      | Succumbed to a demonspawn corrupter's poison
103333 | Abyss:3  | Cast into level 3 of the Abyss (demonspawn warmonger)
103684 | Abyss:3  | Gained mutation: Your magical capacity is extremely low.
                  | (-30% MP) [a neqoxec]
103695 | Abyss:3  | Gained mutation: Potions are less effective at restoring
                  | your health. [a neqoxec]
103699 | Abyss:3  | Gained mutation: You have hidden genetic defects. [a
                  | neqoxec]
103701 | Abyss:3  | HP: 6/174 [ettin simulacrum (8)]
103701 | Abyss:3  | Annihilated by an ettin simulacrum (32 damage)
103719 | Abyss:3  | Gained mutation: You sometimes lose the ability to read
                  | scrolls when taking damage. [a neqoxec]
103735 | Abyss:3  | Found a corrupted altar of Lugonu.
103772 | Abyss:3  | HP: 6/174 [hell hog (4)]
103785 | Abyss:3  | HP: 2/174 [hell hog/fireball (2)]
103786 | D:1      | Escaped the Abyss
103788 | D:1      | Mangled by a Tzitzimitl (9 damage)
103820 | D:$      | Escaped with the Orb!

Illustrated notes

Levels and vault maps discovered:
D:1:      elethiomel_arrival_infinity_welcomes_careful_drivers,
          layout_loops_ring, hellmonk_ecumenical_altar_crossroads
D:2:      layout_loops_cross, serial_glass, glass_columns_a, glass_columns_b,
          glass_columns_a, glass_columns_c, glass_columns_b, glass_columns_a
D:3:      layout_basic, serial_forest, infiniplex_forest_lined_2,
          infiniplex_forest_clump_C, infiniplex_forest_straight_4,
          infiniplex_forest_lined_3_way, infiniplex_forest_lined_room_3,
          infiniplex_forest_clump_tiny, ebering_ghost_reflecting_pool
D:4:      layout_rooms, lemuel_doored_altar, lightli_temple_of_fire,
          mainiacjoe_overflow_concentric_impassable,
          hellmonk_ghost_happy_afterlife
D:5:      layout_loops_ring, minmay_temple_entry_junction,
          gammafunk_ghost_cemetery, grunt_ministairs_6, kennysheep_doodads
D:6:      layout_gridville, enter_ossuary_3, cheibrodos_sewer_entry_bend,
          st_stairs_14
D:7:      layout_loops_ring, minmay_manual_mail
D:8:      layout_loops_cross, grunt_lair_entry_orc_guard_hut, enter_bailey_3,
          st_stairs_13, minmay_puff, uniq_amaemon, uniq_erica
D:9:      nzn_winding_woodlands_cross [nzn_winding_woodlands_5x15_sidewinder,
          nzn_winding_woodlands_5x15_pathside_ponds,
          nzn_winding_woodlands_5x15_twine, nzn_winding_woodlands_5x15_jagged,
          nzn_winding_woodlands_15x15_boxy_spiral], layout_cross, minitemple,
          orc_0_dummy, serial_shops, shop, nrook_uturn, corner_web_ring,
          hangedman_corner_corridor
D:10:     layout_basic, mainiacjoe_overflow_cross_hatched, marbit_many_paths,
          hangedman_misty_isle
D:11:     layout_irregular_city, gammafunk_ghost_wrathful_warriors,
          fedhas_altar_4
D:12:     layout_cave_pools, nicolae_trove_entry_free_sample, bh_circular_ruins,
          uniq_urug
D:13:     layout_rooms, hangedman_vaults_entry_quadrant_bands
D:14:     layout_loops_corners, gammafunk_ghost_arena
D:15:     grunt_enter_depths_giant_problem, layout_small_grid, serial_shops,
          nicolae_shop_overgrown_old_shop, nemelex_xobeh_ov_fountains_minmay
Temple:   nicolae_temple_bog_church
Lair:1:   layout_cave_pods, nzn_ghost_randoct
Lair:2:   layout_hall_layers
Lair:3:   layout_regular_city, palyth_hydra_swamp_entry,
          spider_nest_entry_rubble
Lair:4:   layout_layer_cave, slime_entry_1, st_stairs_13, uniq_sonja
Lair:5:   grunt_lair_end_beastmaster, layout_loops_ring,
          kilobyte_rumbling_trees, serial_bayou_shore_b, lemuel_fruit_tree,
          infiniplex_staircase_pool_2
Swamp:1:  layout_basic_swamp, nicolae_swamp_decorative_isthmus,
          nicolae_swamp_small_spring
Swamp:2:  layout_falls_marsh, nicolae_swamp_very_dense_foliage, uniq_nikola
Swamp:3:  layout_basic_swamp, evilmike_swamp_ruin_house_4, uniq_bai_suzhen
Swamp:4:  swamp, layout_basic_swamp, swamp_pool1, hangedman_swamp_lotus,
          nicolae_swamp_godswood
Spider:1: layout_chambers, portal_ice_cave_entry_ugly_swarm, drop_trap,
          uniq_rupert
Spider:2: layout_spider_delve
Spider:3: gammafunk_boulding_lane, guppyfry_spider_mini_2
Spider:4: grunt_spider_rune_island, ebering_ghost_inner_flame,
          nicolae_spider_scorpion_nest
Orc:1:    dreamdust_wu_jian_sword_trials, layout_caves
Orc:2:    grunt_orc_tribal_feast, layout_diamond_mine, serial_shops,
          nicolae_shop_statue_plus
Elf:1:    minmay_elf_arrival_plus, layout_onion_city, serial_shops,
          nicolae_shop_hallway_stairs, minmay_elf_demonology,
          nicolae_elf_big_sculpture_2, hellmonk_guarded_unrand_gyre_and_gimble
Elf:2:    nicolae_elf_blades_crystal_corner, layout_geoelf_octagon,
          serial_shops, nicolae_shop_advertising_works
          [nicolae_subvault_shop_adworks], nicolae_shop_waterfront, shop, shop,
          basic_altar, nicolae_shop_overcharged_wands
Elf:3:    grunt_elf_hall_branching, layout_geoelf_castle, basic_altar
Vaults:1: minmay_guarded_unrand_guard_vaults, v_misc_29, grunt_vaults_trifunnel,
          vaults_room_corners, vaults_room_pool, vaults_dpeg_emergency_exit,
          v_misc_23, v_misc_5, vaults_mumra_hex,
          vaults_room_grunt_arrival_ludios, layout_vaults_omnicross,
          uniq_saint_roka
Vaults:2: v_misc_2, nicolae_vaults_rhombus_6, v_misc_25,
          hangedman_vaults_corner_blocks, vaults_mumra_hexcomb,
          vaults_room_ringed_pool, minmay_crypt_entry_simple_box, v_misc_23,
          nicolae_vaults_shelves_hall, vaults_dpeg_ring,
          nicolae_vaults_alarming, grunt_vaults_hallway_short,
          layout_vaults_chaotic_city
Vaults:3: portal_desolation_entry_holy_temple, nicolae_vaults_little_squares_2,
          v_misc_29, v_misc_11, vaults_dpeg_hooks, hangedman_vaults_impose,
          v_misc_30, nicolae_vaults_ninety_degrees, layout_vaults_omnigrid,
          serial_shops, shop, nicolae_shop_temple_entry_statues_fountains,
          nicolae_shop_stone, shop, uniq_donald
Vaults:4: v_rooms_5, v_rooms_1, ontoclasm_vaults_ligature,
          nicolae_vaults_inception_statues, hangedman_vaults_maws,
          nicolae_vaults_meeting, v_pattern_4, dpeg_vaults_monster_row,
          vaults_dpeg_cross, v_misc_22, nicolae_vaults_specimen_jars,
          ontoclasm_vaults_chip, vaults_dpeg_diagonal, layout_vaults_omnibox
Vaults:5: serial_shops, uniq_frederick
Crypt:1:  layout_gridlike, grunt_megastairs_1, grunt_crypt_arrival_split,
          uniq_margery, uniq_boris, uniq_vv, uniq_sojobo
Crypt:2:  layout_misc_corridors, hangedman_blasphemy
Crypt:3:  lightli_unholy_cathedral, layout_chaotic_city,
          nicolae_tomb_entry_unfolded_pyramid_diagonal
Tomb:1
Tomb:2:   uniq_mennas
Tomb:3
Depths:1: layout_gridlike, serial_shops, shop_fountains,
          nicolae_elyvilon_temple_path, hell_entry, hex_tiny,
          minmay_shop_grid_forest, minmay_misc_feat_five, grunt_qazlal_sundering
Depths:2: hellmonk_paralyzer, layout_cave_shapes, enter_ziggurat_d, hell_entry,
          abyss_entry_crystal, rand_demon_pan_entry_4, minmay_misc_feat_encased,
          minmay_misc_feat_x
Depths:3: minmay_the_grid_triangle_9x9_rhombus_full_mashed
          [minmay_the_grid_triangle_9x9_corruption,
          minmay_the_grid_triangle_9x9_dagger,
          minmay_the_grid_triangle_9x9_intruding_spiral,
          minmay_the_grid_triangle_9x9_limited_checkers,
          minmay_the_grid_triangle_9x9_minimal,
          minmay_the_grid_triangle_9x9_sparse_checkered,
          minmay_the_grid_triangle_9x9_longest,
          minmay_the_grid_triangle_9x9_prize_schism], layout_gridville,
          nicolae_abyss_entry_one_way_or_another, grunt_metal_band
Depths:4: evilmike_zot_entry_argh, layout_honeycomb,
          chequers_serial_rivers_marsh, hell_entry, serial_shops,
          nicolae_shop_stone, zin_treasury, serial_bayou_shore_b
Hell
Geh:1:    layout_gehenna_pools_triple
Geh:2:    layout_gehenna_lava_caves, gehenna_fire_generator
Geh:3:    layout_gehenna_pools_basic, lemuel_hellion_isle
Geh:4:    layout_gehenna_pools_triple, nicolae_geh_gnashing_of_teeth
Geh:5:    layout_gehenna_lava_caves
Geh:6:    layout_gehenna_pools_box
Geh:7:    geh_mu
Coc:1:    layout_cocytus_water_paths
Tar:1:    nicolae_tar_tart_auras, layout_cathedral_of_symmetry
Tar:2:    layout_cathedral_of_symmetry
Tar:3:    layout_catacombs
Tar:4:    layout_honeycomb, nicolae_tar_stay_or_leave
Tar:5:    layout_honeycomb, grunt_tartarus_stairs_gauntlet_trap
Tar:6:    layout_cathedral_of_symmetry
Tar:7:    tar_grunt_cathedral
Zot:1:    layout_misc_corridors
Zot:2:    grunt_twist_and_shout, layout_cathedral_of_symmetry, uniq_tiamat
Zot:3:    layout_basic, nicolae_diode_quadrants, grunt_megastairs_3
Zot:4:    lemuel_acid_trip, layout_onion, grunt_ministairs_6
Zot:5:    layout_gridlike

Skill      XL: |  1  2  3  4  5  6  7  8  9 10 11 12 13 14 15 16 17 18 19 20 21 22 23 24 25 26 27 |
---------------+----------------------------------------------------------------------------------+-----
Axes           | 3 5 7 8 10 11 12 14 15 16 17 18 19 20 21 22 27 | 27.0
Armour         | 4 5 6 7 8 9 10 11 12 13 14 15 16 22 | 22.9
Fighting       | 4 5 6 7 8 9 10 11 12 13 14 15 16 17 18 19 20 27 | 27.0
Shields        | 5 6 7 9 10 12 13 14 15 16 17 18 19 20 21 22 23 24 25 27 | 27.0
Maces & Flails | 2 3 5 6 7 8 9 10 11 12 13 18 | 18.8
Long Blades    | 2 4 5 6 7 8 9 10 11 12 13 15 | 15.3
Evocations     | 3 4 5 6 7 8 9 10 11 12 26 | 26.1
Staves         | 2 4 6 8 9 10 11 12 13 14 17 | 17.3
Stealth        | 27 | 27.0
Ranged Weapons | 23 | 23.8
Polearms       | 16 | 16.8

Action                     |  1- 3 |  4- 6 |  7- 9 | 10-12 | 13-15 | 16-18 | 19-21 | 22-24 | 25-27 || total
---------------------------+-------+-------+-------+-------+-------+-------+-------+-------+-------++-------
  Melee: War axe           |    97 |   124 |   222 |   407 |       |       |       |       |       ||   850
         Battleaxe         |       |       |       |    57 |   646 |   748 |   498 |   671 |  2637 ||  5257
         Demon blade       |       |       |       |    15 |       |       |       |       |       ||    15
         Lance             |       |       |       |       |       |       |    51 |       |  1141 ||  1192
         Demon trident     |       |       |       |       |       |       |       |    21 |    26 ||    47
         Sacred scourge    |       |       |       |       |       |       |       |       |   759 ||   759
         Flail             |       |       |       |       |       |       |       |       |    78 ||    78
         Trishula          |       |       |       |       |       |       |       |       |    64 ||    64
         Bardiche          |       |       |       |       |       |       |       |       |    53 ||    53
         Eveningstar       |       |       |       |       |       |       |       |       |    28 ||    28
         Great sword       |       |       |       |       |       |       |       |       |    24 ||    24
         Glaive            |       |       |       |       |       |       |       |       |     6 ||     6
         Great mace        |       |       |       |       |       |       |       |       |     5 ||     5
   Fire: Heavy crossbow    |       |       |       |       |       |       |       |       |    40 ||    40
 Invoke: Bribe Branch      |       |       |       |       |       |       |     1 |       |     2 ||     3
         Call Merchant     |       |       |       |       |       |       |       |       |     1 ||     1
Ability: Dig               |       |       |     2 |     1 |     1 |     2 |     4 |       |     5 ||    15
  Evoke: Wand              |       |       |       |       |       |       |    13 |       |     2 ||    15
    Use: Scroll            |     5 |       |    12 |     4 |    13 |     3 |     5 |    10 |    28 ||    80
         Potion            |       |       |       |       |       |       |       |       |     1 ||     1
   Stab: Distracted        |       |       |     2 |     7 |     5 |    17 |    12 |    20 |   138 ||   201
         Sleeping          |       |       |       |       |     4 |       |       |       |    59 ||    63
         Petrified         |       |       |       |       |       |     2 |       |       |       ||     2
         Petrifying        |       |       |       |       |       |     1 |       |       |       ||     1
         Confused          |       |       |       |       |       |     2 |       |       |       ||     2
 Armour: Scale mail        |    39 |    48 |    77 |    29 |       |       |       |       |       ||   193
         Plate armour      |       |       |       |   108 |       |       |       |       |       ||   108
         Fire dragon scale |       |       |       |    84 |   224 |   711 |   147 |   219 |  2000 ||  3385
  Dodge: Dodged            |    41 |    27 |    67 |   133 |   129 |   434 |    96 |   125 |  1114 ||  2166
  Block: Buckler           |    32 |       |       |       |       |       |       |       |       ||    32
         Tower shield      |       |   112 |   269 |   621 |   858 |  1177 |   755 |   766 |  5887 || 10445

Table legend: (Time is in decaauts)
 A = Elapsed time spent in this place.
 B = Non-inter-level travel time spent in this place.
 C = Inter-level travel time spent in this place.
 D = Time resting spent in this place.
 E = Time spent auto-exploring this place.
 F = Levels seen in this place.
 G = Mean time per level.
                   A        B        C        D        E       F      G
               +--------+--------+--------+--------+--------+-----+--------+
         Total | 102462 |  97656 |   4806 |  22359 |  45765 | 103 |  994.8 |
       Dungeon |  19783 |  18302 |   1481 |   2925 |  11026 |  15 | 1318.9 |
        Temple |    182 |    153 |     29 |      0 |    123 |   1 |  182.0 |
          Lair |   4652 |   4300 |    352 |     10 |   3424 |   5 |  930.4 |
         Swamp |   4175 |   3945 |    230 |    842 |   2109 |   4 | 1043.8 |
   Spider Nest |   5410 |   5210 |    200 |    593 |   3190 |   4 | 1352.5 |
  Orcish Mines |   2309 |   2174 |    135 |    339 |   1152 |   2 | 1154.5 |
   Elven Halls |   4182 |   4029 |    153 |      0 |   3254 |   3 | 1394.0 |
        Vaults |   6822 |   6408 |    414 |    104 |   4273 |   5 | 1364.4 |
         Crypt |   4996 |   4787 |    209 |    167 |   3389 |   3 | 1665.3 |
          Tomb |   6824 |   6358 |    466 |   2451 |   1608 |   3 | 2274.7 |
        Depths |   6307 |   5718 |    589 |   1233 |   2869 |   4 | 1576.8 |
          Hell |   1042 |    964 |     78 |     93 |    329 |   1 | 1042.0 |
       Gehenna |   6190 |   6040 |    150 |   1960 |   1796 |   7 |  884.3 |
       Cocytus |     72 |     72 |      0 |      0 |      0 |   1 |   72.0 |
      Tartarus |   4624 |   4561 |     63 |    580 |   2333 |   7 |  660.6 |
           Zot |  10663 |  10406 |    257 |   3831 |   3878 |   5 | 2132.6 |
         Abyss |    994 |    994 |      0 |     63 |    303 |   4 |  248.5 |
      Ziggurat |  12478 |  12478 |      0 |   6728 |    708 |  27 |  462.1 |
         Trove |    487 |    487 |      0 |    440 |      0 |   1 |  487.0 |
       Ossuary |    260 |    260 |      0 |      0 |      0 |   1 |  260.0 |
               +--------+--------+--------+--------+--------+-----+--------+

Top non-repeatable levels by time:
  Tomb:1: 3994 daAuts
   Zot:4: 3091 daAuts
   Zot:5: 2898 daAuts
   Geh:7: 2464 daAuts
Depths:2: 2370 daAuts
   Tar:7: 2165 daAuts
   Zot:2: 2150 daAuts
     D:9: 2112 daAuts
 Crypt:3: 1973 daAuts
     D:1: 1897 daAuts
Spider:1: 1761 daAuts
    D:14: 1756 daAuts
 Crypt:2: 1698 daAuts
   Zot:3: 1695 daAuts
     D:7: 1633 daAuts
